 Dungeon Crawl Stone Soup version 0.30-a0-711-gf4ac18a38d (webtiles) character file.

Game seed: 4288835324094693428

1278747 Persephone the Conqueror (level 27, -7/268 HPs)
             Began as a Gargoyle Fighter on Jan 16, 2023.
             Was the Champion of the Shining One.
             Killed from afar by Ripu the pandemonium lord (11 damage)
             ... with a living lightning
             ... in Pandemonium on Jan 22, 2023.
             The game lasted 04:19:48 (86910 turns).

Persephone the Conqueror (Gargoyle Fighter)        Turns: 86910, Time: 04:19:49

Health: -7/268     AC: 55    Str: 32    XL:     27
Magic:  24/32      EV: 22    Int: 16    God:    the Shining One [******]
Gold:   7740       SH: 35    Dex: 22    Spells: 43/52 levels left

rFire   + + .      SeeInvis +    Q - +9 broad axe (holy)
rCold   + + +      Faith    .    f - +8 tower shield {reflect}
rNeg    + + +      Spirit   .    F - +1 plate armour "Raodaumm" {rF+ rC+ Str+5}
rPois   ∞          Reflect  +    G - +3 crown of Dyrovepreva {rElec Int+2 SInv}
rElec   +          Harm     .    V - scarf {repulsion}
rCorr   +          Rampage  .    X - +2 pair of gloves {Str+3}
Will    ++++.      Rnd*Tele +    g - +2 pair of boots of Instinct {rF+ Dex+6} Stlth
                                 h - amulet of regeneration
HPRegen 0.00/turn                z - ring of Vuugg {rC+ rN+ rCorr Int+3 Dex+3}
MPRegen 0.23/turn                o - ring of the Snail {rN+ Will++}

@: berserking, flying, inhibited regen, glowing, studying Unarmed Combat, repel
missiles, very quick
A: sickness immunity, AC +20, big wings, negative energy resistance 1,
electricity resistance, torment resistance 1, petrification resistance, cold
resistance 1, frail 1, low MP 2, passive freeze, inhibited regeneration,
teleportitis 1, weak 2, noise suppression
}: 15/15 runes: decaying, serpentine, slimy, silver, golden, iron, obsidian,
icy, bone, abyssal, demonic, glowing, magical, fiery, dark
a: Renounce Religion, Divine Shield, Cleansing Flame, Summon Divine Warrior


You were in Pandemonium.
You worshipped the Shining One.
The Shining One was exalted by your worship.
You visited 17 branches of the dungeon, and saw 81 of its levels.
You visited Pandemonium 1 time, and saw 31 of its levels.
You visited the Abyss 1 time.
You visited 1 bazaar.
You also visited: Trove, Ossuary, Gauntlet, Volcano and Desolation.

You collected 14853 gold pieces.
You spent 7113 gold pieces at shops.

Inventory:

Hand Weapons
 b - the +8 frozen axe "Frostbite" {freeze, freezing cloud, *Noise Fly rC+}
   (You found it on level 7 of the Dungeon)

   rC:        It protects you from cold.
   Fly:       It grants you flight.
   *Noise:    It may make noises in combat.
 u - the +8 mithril axe "Arga" {speed, Will+}
   (You acquired it on level 1 of the Lair of Beasts)

   Will:      It increases your willpower.
 Q - a +9 broad axe of holy wrath (weapon)
Armour
 f - a +8 tower shield of reflection (worn)
 g - the +2 pair of boots of Instinct (worn) {rF+ Dex+6}
   (You found it in Pandemonium)

   Dex:       It affects your dexterity (+6).
   rF:        It protects you from fire.
 F - the +1 plate armour "Raodaumm" (worn) {rF+ rC+ Str+5}
   (You bought it in a shop on level 2 of the Orcish Mines)

   Str:       It affects your strength (+5).
   rF:        It protects you from fire.
   rC:        It protects you from cold.
 G - the +3 crown of Dyrovepreva (worn) {rElec Int+2 SInv}
   (You found it on level 5 of the Dungeon)

   Int:       It affects your intelligence (+2).
   rElec:     It insulates you from electricity.
   SInv:      It lets you see invisible.
 V - a scarf of repulsion (worn)
 X - a +2 pair of gloves of strength (worn)
 Y - the +1 pair of boots "Icsec" {Rampage Slay+2 Stlth+}
   (You found it on level 1 of the Elven Halls)

   Slay:      It affects your accuracy & damage with ranged weapons and melee
   (+2).
   Rampage:   It bestows one free step when moving towards enemies.
   Stlth:     It makes you more stealthy.
Jewellery
 h - an amulet of regeneration (around neck)
 o - the ring of the Snail (right hand) {rN+ Will++}
   (You bought it in a shop on level 1 of the Snake Pit)

   [ring of positive energy]

   rN:        It protects you from negative energy.
   Will:      It greatly increases your willpower.
 q - the ring "Futreox" {rF++ Will+}
   (You took it off Asmodeus on level 7 of Gehenna)

   [ring of willpower]

   rF:        It greatly protects you from fire.
   Will:      It increases your willpower.
 r - the ring "Kutor" {rPois Str+6 Int+3 Dex-3}
   (You found it in the Desolation of Salt)

   [ring of strength]

   Str:       It affects your strength (+6).
   Int:       It affects your intelligence (+3).
   Dex:       It affects your dexterity (-3).
   rPois:     It protects you from poison.
 w - the ring of Xiabbinaly {Str+3 Int-2 Dex+6 Stlth+}
   (You found it in Pandemonium)

   [ring of dexterity]

   Str:       It affects your strength (+3).
   Int:       It affects your intelligence (-2).
   Dex:       It affects your dexterity (+6).
   Stlth:     It makes you more stealthy.
 y - the ring "Soonoek" {Drain rElec rF+ rN+ rCorr}
   (You found it on level 7 of the Iron City of Dis)

   [ring of positive energy]

   rF:        It protects you from fire.
   rElec:     It insulates you from electricity.
   rN:        It protects you from negative energy.
   rCorr:     It protects you from acid and corrosion.
   Drain:     It drains your maximum health when unequipped.
 z - the ring of Vuugg (left hand) {rC+ rN+ rCorr Int+3 Dex+3}
   (You found it in Pandemonium)

   [ring of resist corrosion]

   Int:       It affects your intelligence (+3).
   Dex:       It affects your dexterity (+3).
   rC:        It protects you from cold.
   rN:        It protects you from negative energy.
   rCorr:     It protects you from acid and corrosion.
 A - the ring "Kaepaci" {Ice Str+4 Dex+4 Stlth+}
   (You found it in the Desolation of Salt)

   [ring of ice]

   It enhances your ice magic.
   Str:       It affects your strength (+4).
   Dex:       It affects your dexterity (+4).
   rF:        It makes you vulnerable to fire.
   rC:        It protects you from cold.
   Stlth:     It makes you more stealthy.
 B - the ring "Ifobid" {Fly rC+ Stlth+}
   (You found it in the Desolation of Salt)

   [ring of protection from cold]

   rC:        It protects you from cold.
   Fly:       It grants you flight.
   Stlth:     It makes you more stealthy.
 C - the ring of Figrinye {rF+ Will+ EV+5 Dex-3 SInv}
   (You found it on level 5 of the Pits of Slime)

   [ring of evasion]

   EV:        It affects your evasion (+5).
   Dex:       It affects your dexterity (-3).
   rF:        It protects you from fire.
   SInv:      It lets you see invisible.
   Will:      It increases your willpower.
 D - the ring of the Devil's Advocate {rPois rC+ Dex+5}
   (You found it on level 5 of the Dungeon)

   [ring of poison resistance]

   Dex:       It affects your dexterity (+5).
   rC:        It protects you from cold.
   rPois:     It protects you from poison.
 M - the ring "Qusyi" {rElec rF- rCorr Str+6 Int+4}
   (You found it in the Desolation of Salt)

   [ring of strength]

   Str:       It affects your strength (+6).
   Int:       It affects your intelligence (+4).
   rF:        It makes you vulnerable to fire.
   rElec:     It insulates you from electricity.
   rCorr:     It protects you from acid and corrosion.
 O - the ring of Iholio {rF- rCorr Str+4 Int+6 Dex+2}
   (You bought it in a shop on level 2 of the Orcish Mines)

   [ring of intelligence]

   Str:       It affects your strength (+4).
   Int:       It affects your intelligence (+6).
   Dex:       It affects your dexterity (+2).
   rF:        It makes you vulnerable to fire.
   rCorr:     It protects you from acid and corrosion.
 S - the ring of the Ferocious God {rPois rF+ rC+ Int+9 Dex-4}
   (You found it in a Gauntlet)

   [ring of protection from cold]

   Int:       It affects your intelligence (+9).
   Dex:       It affects your dexterity (-4).
   rF:        It protects you from fire.
   rC:        It protects you from cold.
   rPois:     It protects you from poison.
Wands
 l - a wand of paralysis (80)
 E - a wand of roots (36)
 H - a wand of light (11)
 R - a wand of digging (8)
Scrolls
 c - 9 scrolls of silence
 e - 67 scrolls of identify
 j - 4 scrolls of fear
 n - 8 scrolls of fog
 s - 21 scrolls of teleportation
 v - 8 scrolls of magic mapping
 I - 8 scrolls of enchant armour
 N - 2 scrolls of blinking
 P - 8 scrolls of amnesia
 T - 3 scrolls of summoning
 U - 5 scrolls of brand weapon
 Z - 5 scrolls of enchant weapon
Potions
 a - 4 potions of mutation
 d - 12 potions of might
 k - 23 potions of curing
 m - 3 potions of cancellation
 p - 16 potions of attraction
 t - 3 potions of magic
 x - 18 potions of brilliance
 J - 9 potions of berserk rage
 K - 13 potions of lignification
 L - 5 potions of haste
 W - 2 potions of resistance


   Skills:
 O Level 27 Fighting
 - Level 16.8(18.0) Axes
 - Level 11.8(16.4) Maces & Flails
 O Level 27 Armour
 + Level 19.2 Dodging
 + Level 21.0 Stealth
 O Level 27 Shields
 + Level 13.4 Spellcasting
 + Level 18.5 Translocations
 O Level 27 Invocations


You had 43 spell levels left.
You knew the following spells:

 Your Spells              Type           Power      Damage    Failure   Level
a - Apportation           Tloc           100%       N/A       0%          1
b - Passage of Golubria   Tloc           63%        N/A       1%          4
c - Manifold Assault      Tloc           63%        N/A       1%          4

Your spell library contained the following spells:

 Spells                   Type           Power      Damage    Failure   Level
 Blink                    Tloc           100%       N/A       0%          2
 Lesser Beckoning         Tloc           100%       N/A       0%          2
 Momentum Strike          Conj/Tloc      80%        3d10      1%          2
 Gell's Gravitas          Tloc           63%        N/A       1%          3
 Portal Projectile        Hex/Tloc       80%        N/A       1%          3
 Teleport Other           Tloc           63%        N/A       1%          3
 Dispersal                Tloc           31%        N/A       1%          6
 Iskenderun's Mystic Bla  Conj/Tloc      40%        2d9       3%          4
 Beastly Appendage        Tmut           20%        N/A       17%         1
 Foxfire                  Conj/Fire      40%        2x1d6     17%         1
 Freeze                   Ice            40%        1d6       17%         1
 Necrotise                Necr           40%        1d6       17%         1
 Shock                    Conj/Air       40%        1d5       17%         1
 Slow                     Hex            40%        N/A       17%         1
 Summon Small Mammal      Summ           40%        N/A       17%         1
 Ensorcelled Hibernation  Hex/Ice        20%        N/A       26%         2
 Passwall                 Tmut/Erth      8%         N/A       26%         2
 Poisonous Vapours        Pois/Air       20%        N/A       26%         2
 Scorch                   Fire           20%        2d6       26%         2
 Searing Ray              Conj           20%        2d5       26%         2
 Wereblood                Tmut           10%        N/A       26%         2
 Confusing Touch          Hex            10%        N/A       45%         3
 Dazzling Flash           Conj/Hex       20%        N/A       45%         3
 Frozen Ramparts          Ice            20%        1d4       45%         3
 Hailstorm                Conj/Ice       10%        3d5       45%         3
 Inner Flame              Hex/Fire       10%        N/A       45%         3
 Mephitic Cloud           Conj/Pois/Air  10%        N/A       45%         3
 Ozocubu's Armour         Ice            10%        N/A       45%         3
 Spider Form              Tmut/Pois      10%        N/A       45%         3
 Stone Arrow              Conj/Erth      20%        3d8       45%         3
 Summon Guardian Golem    Hex/Summ       10%        N/A       45%         3
 Swiftness                Air            10%        N/A       45%         3
 Tukima's Dance           Hex            10%        N/A       45%         3
 Vampiric Draining        Necr           10%        2d6       45%         3
 Disjunction              Tloc           31%        N/A       50%         8
 Airstrike                Air            5%         2d(1-17)  86%         4
 Anguish                  Hex/Necr       5%         N/A       86%         4
 Animate Armour           Summ/Erth      20%        N/A       86%         4
 Cause Fear               Hex            5%         N/A       86%         4
 Flame Wave               Conj/Fire      10%        2d6       86%         4
 Fulminant Prism          Conj/Hex       5%         3d7       86%         4
 Ice Form                 Ice/Tmut       10%        N/A       86%         4
 Leda's Liquefaction      Hex/Erth       5%         N/A       86%         4
 Olgreb's Toxic Radiance  Pois           10%        N/A       86%         4
 Petrify                  Tmut/Erth      10%        N/A       86%         4
 Summon Ice Beast         Ice/Summ       10%        N/A       86%         4
 Summon Lightning Spire   Summ/Air       10%        N/A       86%         4
 Agony                    Necr           10%        N/A       99%         5
 Alistair's Intoxication  Tmut/Pois      6%         N/A       99%         5
 Blade Hands              Tmut           5%         N/A       99%         5
 Borgnjor's Vile Clutch   Necr/Erth      5%         N/A       99%         5
 Fireball                 Conj/Fire      5%         3d5       99%         5
 Freezing Cloud           Conj/Ice/Air   5%         6-21      99%         5
 Iskenderun's Battlesphe  Conj           10%        2d6       99%         5
 Lee's Rapid Deconstruct  Erth           5%         3d6*      99%         5
 Lightning Bolt           Conj/Air       5%         1d17      99%         5
 Metabolic Englaciation   Hex/Ice        5%         N/A       99%         5
 Silence                  Hex/Air        5%         N/A       99%         5
 Yara's Violent Unravell  Hex/Tmut       5%         3d4       99%         5
 Conjure Ball Lightning   Conj/Air       5%         3x3d6     100%        6
 Death Channel            Necr           5%         N/A       100%        6
 Eringya's Noxious Bog    Tmut/Pois      5%         N/A       100%        6
 Iron Shot                Conj/Erth      5%         9d2       100%        6
 Simulacrum               Ice/Necr       5%         N/A       100%        6
 Starburst                Conj/Fire      5%         6d4       100%        6
 Summon Cactus Giant      Summ           5%         N/A       100%        6
 Dragon Form              Tmut           5%         N/A       100%        7
 Enfeeble                 Hex            5%         N/A       100%        7
 Orb of Destruction       Conj           5%         9d5       100%        7
 Ozocubu's Refrigeration  Ice            5%         4d8       100%        7
 Spellforged Servitor     Conj/Summ      5%         N/A       100%        7
 Storm Form               Tmut/Air       5%         N/A       100%        7
 Summon Hydra             Summ           5%         N/A       100%        7
 Discord                  Hex            5%         N/A       100%        8
 Ignition                 Fire           5%         3d4       100%        8
 Lehudib's Crystal Spear  Conj/Erth      5%         10d3      100%        8
 Chain Lightning          Conj/Air       5%         3d6       100%        9
 Dragon's Call            Summ           5%         N/A       100%        9
 Fire Storm               Conj/Fire      5%         8d1       100%        9
 Polar Vortex             Ice            5%         N/A       100%        9
 Shatter                  Erth           5%         3d8*      100%        9
 Cigotuvi's Dreadful Rot  Necr/Pois/Air  Unusable   N/A       N/A         2
 Sublimation of Blood     Necr           Unusable   N/A       N/A         2
 Statue Form              Tmut/Erth      Unusable   N/A       N/A         6

Dungeon Overview and Level Annotations

Branches:
Dungeon (15/15)            Temple (1/1) D:6            Lair (5/5) D:8
  Swamp (4/4) Lair:3        Snake (4/4) Lair:2        Slime (5/5) Lair:5
    Orc (2/2) D:11            Elf (1/3) Orc:2        Vaults (5/5) D:13
  Crypt (3/3) Vaults:3       Tomb (3/3) Crypt:3      Depths (4/4) D:15
   Hell (visited)             Dis (7/7) Hell            Geh (7/7) Hell
    Coc (7/7) Hell            Tar (7/7) Hell            Zot (0/5) Depths:4
Ossuary (visited)         Volcano (visited)         Desolation (visited)
Gauntlet (visited)

Altars:
Ashenzari
Cheibriados
Dithmenos
Elyvilon
Fedhas
Gozag
Hepliaklqana
Kikubaaqudgha
Makhleb
Nemelex Xobeh
Okawaru
Qazlal
Ru
Sif Muna
Trog
Uskayaw
Vehumet
Wu Jian
Xom
Yredelemnul
Zin
The Shining One
Jiyva
Lugonu

Shops:
D:1 [   D:5 (   D:11 ?   Orc:1 *   Orc:2 =([(:   Elf:1 :=   Snake:1 *[*(=
Vaults:1 !   Vaults:3 ([([(!   Depths:3 =*[(

Portals:
Hell: Depths:1 Depths:2 Depths:3 Depths:4
Abyss: Depths:1 Depths:2 Depths:3
Pandemonium: Depths:2
Ziggurat: Depths:1

Annotations:
D:4 2 transporters
Swamp:3 Lernaean hydra
Hell exclusion: ice statue
Geh:2 6 runed translucent doors
Coc:7 exclusion: ice statue


Innate Abilities, Weirdness & Mutations

You are immune to sickness and miasma.
Your stone body is resilient. (AC +20)
You are immune to poison.
Your large and strong wings let you fly.
You resist negative energy. (rN+)
You are resistant to electric shocks. (rElec)
You are resistant to unholy torment.
You are immune to petrification.
Your flesh is cold resistant. (rC+)
You are frail. (-10% HP)
Your magical capacity is very low. (-20% MP)
A frigid envelope surrounds you and freezes all who hurt you.
You do not regenerate when monsters are visible.
You are occasionally teleported next to monsters.
You are very weak. (Str -4)
You passively dampen the noise of your surroundings.


Message History

Ripu convulses!
The Brimstone Fiend gestures at you.
The sphere of damnation explodes!
The damnation engulfs you!!
* * * LOW HITPOINT WARNING * * *
Your daeva calls down the wrath of the Shining One upon Ripu.
Ripu is smitten.
Your daeva blocks Ripu's attack.
Ripu hits your daeva!!!
Your daeva dies!
Your daeva dissolves into sparkling lights!
The cacodemon gestures next to the ynoxinul.
Some weird stuff shatters into small pieces.
Ripu screams, "Escape, thou spongy shard-borne pignut!"
The Brimstone Fiend gestures at you.
The sphere of damnation explodes!
The damnation engulfs you!!!
* * * LOW HITPOINT WARNING * * *
You feel much better. The smoke demon gestures at you. Something smites you!
* * * LOW HITPOINT WARNING * * *
The ufetubus disappears in a puff of smoke!
Ripu sneers, "Taste defeat, thou clouted ill-nurtured dandiprat!"
Ripu bursts into living lightning!
The living lightning is repelled.
Ripu blinks!
The ynoxinul gestures.
The Brimstone Fiend calls on the powers of darkness!
Your body is wracked with pain!
* * * LOW HITPOINT WARNING * * *
Ripu hits you but does no damage.
Ripu completely resists.
You blink.
Ripu bursts into living lightning!
The living lightning hits you! You resist.
* * * LOW HITPOINT WARNING * * *
Ripu blinks!
You hear a grinding noise.
A red film seems to cover your vision as you go berserk!
You feel yourself moving faster!
You feel mighty!
Ripu sneers, "Turn tail, thou reeling-ripe saucy nightsoil!"
You feel a strong urge to attack something.
Ripu bursts into living lightning!
The living lightning hits you! You resist.
You die...

#................#
##...........
#....####.##15...#
#.........### .....#
#2#.....# #.........#
.....# #.5....#
#.........# .....#
#.....# #.........#
.....#
#####.....####.........#
.#####
#............####......#
.# #............#
#......# .#
#.......&@...# #......#
.#
#............####......#
##
......#####.............#
...... #.∩...........#
...... #.............#
.... #.........../.#
###############


You could see Ripu, a Brimstone Fiend, a cacodemon and 2 ufetubi.

Vanquished Creatures
  Cerebov (Pan)
  Antaeus (Coc:7)
  Asmodeus (Geh:7)
  the Royal Jelly (Slime:5)
  Ereshkigal (Tar:7)
  the Serpent of Hell (Tar:7)
  Ignacio (Pan)
  Lom Lobon (Pan)
  Gloorx Vloq (Pan)
  Mnoleg (Pan)
  3 dread liches
  Dispater (Dis:7)
  An ancient lich (Crypt:3)
  Mennas (Vaults:4)
  12 pandemonium lords (Pan)
  23 royal mummies
  Josephina (Crypt:1)
  Frederick (Crypt:1)
  17 shard shrikes
  Saint Roka (Depths:1)
  33 caustic shrikes
  Vashnia (Snake:3)
  Geryon (Hell)
  3 golden dragons
  The ghost of Caat Rau the Warrior, an adept DgCj (Depths:3)
  Nikola (Swamp:4)
  3 profane servitors
  23 bone dragons
  22 Brimstone Fiends
  11 doom hounds
  20 Tzitzimimeh
  7 iron giants
  9 tentacled monstrosities
  Rupert (Lair:3)
  A spectral shard shrike (Tar:2)
  13 tainted leviathans
  13 liches
  15 hellephants
  19 Ice Fiends
  20 Hell Sentinels
  9 acid blobs
  A walking divine tome (Depths:3)
  19 searing wretches
  2 quicksilver dragons
  10 titans
  24 ancient champions
  14 sphinxes
  7 tentacled starspawn
  25 Executioners (Pan)
  The ghost of Himmaryad the Brawler, an adept TrMo of Nemelex Xobeh (Depths:3)
  A thorn hunter (Swamp:1)
  6 shadow dragons
  Agnes (Snake:1)
  An eldritch tentacle (Pan)
  5 storm dragons
  7 tengu reavers
  A daeva (Abyss:5)
  4 nagarajas
  5 rockslimes (Slime:5)
  10 azure jellies
  16 demonspawn warmongers (Pan)
  2 revenants (Tomb:1)
  19 narguns
  A fenstrider witch (Swamp:2)
  2 deep elf sorcerers
  2 draconian knights (Depths:4)
  17 frost giants
  39 balrugs
  20 fire giants
  15 quicksilver elementals
  5 curse skulls
  3 ghost moths
  9 spectral caustic shrikes
  16 vault wardens
  8 iron dragons
  A deep elf elementalist (Elf:1)
  A spectral juggernaut (Tar:2)
  19 cacodemons (Pan)
  2 juggernaut skeletons
  9 ghouls
  3 orc warlords
  4 spriggan defenders (Depths:2)
  6 shard shrike simulacra
  25 reapers
  22 very ugly things
  2 draconian annihilators (Pan)
  A caustic shrike skeleton (Crypt:3)
  20 demonspawn corrupters (Pan)
  8 quicksilver oozes
  21 ironbound preservers
  10 demonspawn blood saints (Pan)
  11 ironbound thunderhulks
  11 stone giants
  26 war gargoyles
  2 deep elf demonologists
  19 demonspawn black suns (Pan)
  24 elemental wellsprings
  10 putrid mouths
  13 vampire knights
  A spectral titan (Tar:4)
  8 bennus
  An eleionoma (Swamp:3)
  A minotaur (Gauntlet)
  9 wendigos
  31 lorocyprocas (Pan)
  A deep elf annihilator (Vaults:5)
  2 bunyips
  11 dire elephants
  5 spark wasps
  3 yellow draconians (Depths:4)
  2 purple draconians (Depths:4)
  2 halazid warlocks (Desolation)
  2 black draconians (Depths:4)
  5 crystal guardians
  23 blizzard demons
  7 eidola
  16 ettins
  20 iron golems
  9 jiangshi
  3 deep elf death magi
  10 fire dragons
  16 mummy priests
  24 yaktaur captains
  2 deep elf high priests (Vaults:5)
  An entropy weaver (shapeshifter) (D:13)
  15 great orbs of eyes
  16 green deaths
  The ghost of rogsnak the Devastator, a journeyman BaFE of Sif Muna (D:13)
  Fannar (Orc:1)
  5 ragged hierophants (Desolation)
  22 hydras
  7 entropy weavers
  43 vault guards
  13 salamander tyrants
  3 spectral spriggans (Tar:2)
  6 caustic shrike simulacra
  9 ice dragons
  9 rakshasas
  6 servants of whispers (Desolation)
  An ice dragon (shapeshifter) (Depths:2)
  4 hell beasts
  4 spriggan skeletons
  2 spriggan air magi
  8 juggernaut simulacra
  4 boulder beetles
  8 peacekeepers
  7 alligators
  22 centaur warriors
  3 ghost crabs (Lair:4)
  8 ironbound frosthearts
  2 ogre magi (Orc:2)
  6 stokers
  9 anacondas
  2 catoblepae (Lair:5)
  3 death knights
  12 two-headed ogres
  3 dancing weapons
  Erica (D:8)
  An azure jelly zombie (Crypt:3)
  4 tengu warriors
  The ghost of bande the Cleaver, a journeyman GrFi of Okawaru (Lair:1)
  An alligator (shapeshifter) (Vaults:3)
  2 spectral stone giants (Tar:1)
  9 deep troll earth magi
  12 deep troll shamans
  14 death yaks
  27 death scarabs
  20 naga sharpshooters
  45 hell hogs
  5 vampire magi
  22 naga warriors
  53 large abominations
  3 spectral dire elephants
  6 thrashing horrors
  A spectral emperor scorpion (Tar:1)
  4 spriggan berserkers
  9 spriggans
  3 deep elf knights (Elf:1)
  10 hell knights
  36 sixfirhies
  Amaemon (D:8)
  3 iron trolls
  6 shock serpents
  121 sun demons
  13 crystal echidnas
  61 soul eaters
  5 fire crabs (Lair:4)
  19 shadow wraiths
  2 storm dragon skeletons
  5 wretched stars
  5 goliath frogs
  32 skeletal warriors
  A death drake (shapeshifter) (Vaults:5)
  8 spatial maelstroms (Abyss:5)
  4 spectral anacondas
  3 flayed ghosts
  A spectral hydra (Tar:3)
  A death drake (Swamp:3)
  2 quicksilver dragon simulacra
  7 salamander mystics
  A deep troll (shapeshifter) (Depths:2)
  3 spriggan druids
  2 anaconda zombies
  7 spriggan simulacra
  69 deep trolls
  15 shadow demons (Pan)
  13 swamp dragons
  5 deep elf archers (Elf:1)
  A lindwurm (shapeshifter) (Vaults:4)
  Pikel (D:7)
  4 bog bodies
  A shadow dragon zombie (Depths:3)
  A kraken simulacrum (Coc:7)
  16 necromancers
  7 naga ritualists
  6 glowing orange brains
  14 deep elf zephyrmancers (Elf:1)
  A golden dragon skeleton (Tomb:2)
  A bunyip skeleton (Pan)
  9 orc knights
  10 phantasmal warriors
  A glowing shapeshifter (Vaults:5)
  14 wizards
  25 ironbound convokers
  3 lindwurms
  5 harpies
  A wolf spider zombie (Crypt:2)
  33 ugly things
  A faun (shapeshifter) (Depths:3)
  A spectral ettin (Tar:1)
  8 mana vipers
  12 cyclopes
  8 will-o-the-wisps
  21 salamanders
  5 worldbinders
  15 deep elf pyromancers
  5 shadow dragon skeletons
  2 orc sorcerers
  A tengu skeleton (Vaults:2)
  3 shining eyes
  11 elephants
  An iron dragon skeleton (Crypt:3)
  A spectral centaur (Tar:1)
  21 vault sentinels
  4 manticores
  4 titan simulacra
  4 guardian serpents
  Joseph (D:8)
  25 black mambas
  11 molten gargoyles
  28 demonic crawlers
  A moth of wrath (Gauntlet)
  A black mamba (shapeshifter) (Vaults:5)
  2 apocalypse crabs
  28 starcursed masses
  5 eyes of devastation
  3 rust devils
  71 smoke demons
  23 naga magi
  36 orange demons
  A cane toad (shapeshifter) (D:13)
  A gargoyle (D:11)
  8 cane toads
  6 rime drakes
  3 human zombies
  A pale draconian zombie (Crypt:2)
  4 efreet
  35 hellions
  Maggie (D:7)
  A black draconian zombie (Crypt:2)
  2 dire elephant skeletons (Pan)
  3 tengu conjurers
  4 kobold demonologists
  3 unseen horrors
  A rime drake (shapeshifter) (Depths:2)
  44 yaktaurs
  9 anaconda simulacra
  A yaktaur (shapeshifter) (Depths:2)
  2 bunyip simulacra
  4 komodo dragons
  9 freezing wraiths
  7 ice devils
  A sea snake zombie (Crypt:2)
  2 yaktaur skeletons (Vaults:2)
  3 iron giant simulacra
  A komodo dragon (shapeshifter) (Abyss:1)
  A green draconian skeleton (Crypt:1)
  2 golden dragon simulacra (Coc:6)
  A redback zombie (Crypt:1)
  45 guardian mummies
  6 ancient zymes
  7 red devils
  4 spectral harpies
  34 tormentors
  5 polar bears (Lair:5)
  A wind drake (shapeshifter) (Abyss:5)
  A queen bee (shapeshifter) (Abyss:5)
  15 trolls
  2 hydra zombies (Hell)
  A silent spectre (Tar:6)
  10 tyrant leeches
  45 saltlings (Desolation)
  A tyrant leech (shapeshifter) (Vaults:5)
  A wolf spider simulacrum (Gauntlet)
  A shadow dragon simulacrum (Coc:1)
  9 hornets
  33 hellwings
  2 harpy skeletons (Pan)
  17 raiju
  A tarantella (shapeshifter) (Depths:2)
  7 blink frogs
  A dream sheep (shapeshifter) (Depths:1)
  Grinder (D:4)
  A guardian serpent zombie (Crypt:1)
  2 hydra skeletons (Hell)
  4 centaur simulacra
  19 flying skulls
  An alligator zombie (Crypt:1)
  An iron dragon simulacrum (Coc:2)
  An air elemental (Elf:1)
  3 shadows
  2 stone giant simulacra
  68 slime creatures
  12 water elementals
  14 ushabtiu
  10 wraiths
  4 dire elephant simulacra
  A black mamba zombie (Abyss:1)
  An ettin skeleton (Vaults:5)
  A slime creature zombie (Crypt:2)
  52 ynoxinuls
  A satyr skeleton (Crypt:2)
  A culicivora (Vaults:2)
  An ice dragon skeleton (Crypt:1)
  46 yaks
  A black mamba skeleton (Pan)
  2 basilisks
  4 fire elementals
  An alligator snapping turtle simulacrum (Coc:1)
  25 chaos spawn
  5 wyverns
  2 golden eyes
  A yaktaur simulacrum (Vaults:5)
  3 redbacks
  12 vampire mosquitoes
  A steam dragon (D:7)
  32 neqoxecs
  4 wargs
  12 spatial vortices (Abyss:5)
  50 nagas
  A glowing shapeshifter zombie (Vaults:2)
  A warg (shapeshifter) (D:13)
  12 swamp worms
  2 acid dragons
  Edmund (D:5)
  20 harpy simulacra
  18 water moccasins
  3 hydra simulacra
  3 hell hounds (Hell)
  5 floating eyes (Pan)
  A fire bat skeleton (Crypt:2)
  8 swamp drakes (Swamp:4)
  Duvessa (D:4)
  3 human skeletons
  A naga skeleton (Tomb:1)
  An ice beast (Abyss:1)
  23 orc warriors
  A lindwurm zombie (Crypt:3)
  A sky beast (D:7)
  4 black bears
  A fire dragon simulacrum (Coc:1)
  3 ettin simulacra
  24 wolves
  20 ogres
  3 boggarts (D:14)
  15 centaurs
  2 lemures (D:7)
  5 kobold brigands
  10 bullfrogs
  A gnoll sergeant (D:11)
  A vine stalker zombie (Crypt:2)
  3 elf zombies
  4 necrophages
  An earth elemental (Elf:1)
  4 scorpions
  3 naga simulacra
  A cane toad simulacrum (Gauntlet)
  12 wights
  A warg zombie (Crypt:3)
  Dowan (D:4)
  A troll zombie (Crypt:3)
  5 electric eels
  A raiju skeleton (Crypt:3)
  8 howler monkeys
  A howler monkey (shapeshifter) (Vaults:5)
  4 crimson imps (D:13)
  10 small abominations
  3 jellies
  A quasit (Abyss:1)
  2 centaur zombies (Ossuary)
  2 hounds (D:4)
  12 orc priests
  4 iron imps (Crypt:3)
  13 orc wizards
  6 iguanas
  6 hell rats (Lair:2)
  39 mummies
  12 gnolls
  6 adders
  2 shadow imps
  10 white imps
  2 adder skeletons (Crypt:3)
  3 worms
  2 dart slugs
  80 orcs
  4 ball pythons
  5 endoplasms
  A giant cockroach (D:2)
  8 goblins
  5 hobgoblins
  7 jackals
  5 quokkas
  A ball python zombie (Crypt:1)
  6 bats
  A gnoll skeleton (Crypt:3)
  6 gnoll zombies (Ossuary)
  3 goblin zombies
  2 hobgoblin zombies (Ossuary)
  22 kobolds
  An orc zombie (Ossuary)
  A quokka skeleton (Crypt:3)
  6 rats
  3 ball lightnings (Pan)
  10 briar patches (Swamp:1)
  5 creeping infernos
  38 fire vortices
  5 lurking horrors
  2 pillars of salt (Vaults:1)
  6 starspawn tentacles
4010 creatures vanquished.

Vanquished Creatures (collateral kills)
  A pandemonium lord (Pan)
  Vv (Crypt:2)
  Bai Suzhen (Snake:3)
  3 profane servitors
  5 Tzitzimimeh
  2 doom hounds
  2 tainted leviathans
  An Ice Fiend (Coc:7)
  2 Executioners (Pan)
  A nagaraja (Snake:4)
  Aizul (Snake:3)
  A spectral juggernaut (Tar:3)
  An angel (Pan)
  A war gargoyle (Dis:7)
  A reaper (Tar:7)
  2 demonspawn blood saints (Pan)
  3 cacodemons (Pan)
  6 putrid mouths
  A wendigo (Coc:7)
  A lorocyproca (Pan)
  A blizzard demon (Pan)
  3 green deaths (Pan)
  A rakshasa (Pan)
  A dancing weapon (Pan)
  A death scarab (Tar:6)
  A naga warrior (Snake:4)
  A naga sharpshooter (Snake:4)
  8 sun demons (Pan)
  3 sixfirhies (Pan)
  A crystal echidna (Dis:7)
  2 shadow wraiths (Tar:7)
  2 shadow demons (Pan)
  3 wizards (Pan)
  2 shining eyes (Pan)
  2 salamanders (Snake:4)
  6 black mambas
  13 smoke demons (Pan)
  An orange demon (Pan)
  A naga mage (Snake:4)
  2 tormentors (Pan)
  A guardian mummy (Tar:6)
  A red devil (Pan)
  5 hellwings (Pan)
  2 ynoxinuls (Pan)
  2 chaos spawn (Pan)
  5 neqoxecs (Pan)
  2 large abominations (Pan)
  3 nagas
  A floating eye (Pan)
  A ball lightning (Pan)
115 creatures vanquished.

Vanquished Creatures (others)
  A shard shrike (Coc:6)
  A bone dragon (Depths:4)
  A Brimstone Fiend (Pan)
  A tainted leviathan (Tar:4)
  A balrug (Pan)
  A wendigo (Coc:3)
  An eidolon (Tar:4)
  3 juggernaut simulacra
  A caustic shrike simulacrum (Crypt:1)
  A salamander tyrant (Geh:7)
  A sixfirhy (Pan)
  5 quicksilver dragon simulacra
  A wizard (Pan)
  A smoke demon (Pan)
  A black mamba (Snake:3)
  A large abomination (Pan)
  A hellion (Pan)
  A tormentor (Dis:6)
  An iron giant simulacrum (Coc:7)
  A golden dragon simulacrum (Coc:4)
  An anaconda simulacrum (Coc:3)
  A bloated husk (Swamp:2)
  4 hellwings (Pan)
  A raiju (Abyss:5)
  A stone giant simulacrum (Coc:3)
  2 alligator snapping turtle simulacra (Coc:3)
  A ynoxinul (Pan)
  A neqoxec (Pan)
  A chaos spawn (Pan)
  A naga (Snake:3)
  A harpy simulacrum (Coc:1)
  A hydra simulacrum (Coc:1)
  2 orcs
  15 ball lightnings (Pan)
  A block of ice (Pan)
  A bush (D:15)
  4 creeping infernos
  4 demonic plants (Pan)
  3 fire vortices
  32 foxfires
  24 fungi
  2 lurking horrors
  3 pillars of salt (Vaults:1)
  37 plants
  21 starspawn tentacles
  2 withered plants (Desolation)
193 creatures vanquished.

Grand Total: 4318 creatures vanquished

Notes
Turn   | Place    | Note
-------+----------+-------------------------------------------
     0 | D:1      | Persephone the Gargoyle Fighter began the quest for the
                  | Orb.
     0 | D:1      | Reached XP level 1. HP: 14/14 MP: 1/1
   190 | D:1      | Reached XP level 2. HP: 19/19 MP: 2/2
   820 | D:1      | Found Qotowkasim's Armour Shop.
   831 | D:1      | You fall into a shaft and drop 1 floor!
   922 | D:2      | Reached XP level 3. HP: 23/23 MP: 3/3
  1202 | D:2      | Found a white marble altar of Elyvilon.
  1207 | D:2      | Became a worshipper of Elyvilon the Healer
  1513 | D:2      | Reached XP level 4. HP: 27/29 MP: 4/4
  1641 | D:3      | Found a radiant altar of Vehumet.
  2155 | D:3      | Found an opulent altar of Gozag.
  2157 | D:3      | Found a shimmering altar of Xom.
  2208 | D:4      | Reached * piety under Elyvilon
  2316 | D:4      | Reached XP level 5. HP: 33/33 MP: 5/5
  2547 | D:4      | Found an iron altar of Okawaru.
  2553 | D:4      | Found a shadowy altar of Dithmenos.
  2558 | D:4      | Found a basalt altar of Yredelemnul.
  2858 | D:4      | Found a transporter.
  2860 | D:4      | Noticed an ice beast
  2935 | D:4      | Reached ** piety under Elyvilon
  2975 | D:4      | Noticed Grinder
  2988 | D:4      | Killed Grinder
  2989 | D:4      | Reached skill level 5 in Fighting
  2989 | D:4      | Reached skill level 5 in Maces & Flails
  2989 | D:4      | Reached XP level 6. HP: 28/40 MP: 6/6
  3062 | D:4      | Noticed a black bear
  3067 | D:4      | Killed a black bear
  3068 | D:4      | Reached XP level 7. HP: 29/44 MP: 7/7
  3139 | D:4      | Noticed Duvessa
  3140 | D:4      | Noticed Dowan
  3156 | D:4      | Killed Duvessa
  3179 | D:4      | Killed Dowan
  3250 | D:4      | Found a transporter.
  3528 | D:5      | Entered Level 5 of the Dungeon
  3583 | D:5      | Identified the ring of the Devil's Advocate {rPois rC+
                  | Dex+5}
  3645 | D:5      | Noticed Edmund
  3664 | D:5      | Killed Edmund
  3819 | D:5      | Reached XP level 8. HP: 46/51 MP: 8/8
  3839 | D:5      | Found Vievarch's Antique Weapon Boutique.
  3850 | D:5      | Found the +3 crown of Dyrovepreva {rElec Int+2 SInv}
  4028 | D:5      | Reached *** piety under Elyvilon
  4181 | D:5      | Noticed a shadow
  4192 | D:5      | Killed a shadow
  4361 | D:6      | Found a staircase to the Ecumenical Temple.
  4389 | Temple   | Entered the Ecumenical Temple
  4414 | Temple   | Fell from the grace of Elyvilon
  4414 | Temple   | Became a worshipper of the Shining One
  4414 | Temple   | Reached * piety under the Shining One
  4561 | D:6      | Reached XP level 9. HP: 32/58 MP: 9/9
  4769 | D:6      | Found a glowing silver altar of Zin.
  5269 | D:7      | Noticed Maggie
  5282 | D:7      | Killed Maggie
  5478 | D:7      | Reached skill level 10 in Maces & Flails
  5520 | D:7      | Found a sand-covered staircase.
  5528 | Ossuary  | Entered an ossuary
  5548 | Ossuary  | Reached ** piety under the Shining One
  5705 | D:7      | Identified the +0 robe "Sehuxy" {Int+8}
  5782 | D:7      | Noticed Pikel
  5782 | D:7      | Reached *** piety under the Shining One
  5792 | D:7      | Killed Pikel
  5936 | D:7      | Reached XP level 10. HP: 66/66 MP: 10/10
  6096 | D:7      | Found the +8 frozen axe "Frostbite" {freeze, freezing
                  | cloud, *Noise Fly rC+}
  6187 | D:7      | Reached skill level 1 in Axes
  6440 | D:8      | Noticed Joseph
  6445 | D:8      | Killed Joseph
  6500 | D:8      | Reached skill level 5 in Axes
  6512 | D:8      | Noticed Erica
  6515 | D:8      | Reached **** piety under the Shining One
  6519 | D:8      | Reached XP level 11. HP: 53/72 MP: 11/11
  6519 | D:8      | Noticed a tengu warrior
  6520 | D:8      | Killed Erica
  6527 | D:8      | Killed a tengu warrior
  6690 | D:8      | Found a staircase to the Lair.
  6999 | D:8      | Noticed Amaemon
  7003 | D:8      | Killed Amaemon
  7007 | D:8      | Reached skill level 10 in Axes
  7347 | D:9      | Identified the +3 scale mail of the Sun {rPois rC+ Str+2
                  | Int+4}
  7382 | D:9      | Reached ***** piety under the Shining One
  7879 | D:10     | Entered Level 10 of the Dungeon
  7917 | D:10     | Reached XP level 12. HP: 61/77 MP: 12/12
  8282 | D:11     | Noticed a two-headed ogre
  8287 | D:11     | Killed a two-headed ogre
  8345 | D:11     | Identified the +0 leather armour "Ukiukh Sissu" {Str+7}
  8597 | D:11     | Found Syfyhic's Magic Scroll Shop.
  8819 | D:11     | Found a staircase to the Orcish Mines.
  9035 | Lair:1   | Entered Level 1 of the Lair of Beasts
  9052 | Lair:1   | Identified a scroll of acquirement
  9052 | Lair:1   | Acquired the +8 mithril axe "Arga" {speed, Will+}
  9052 | Lair:1   | Found the +8 mithril axe "Arga" {speed, Will+}
  9179 | Lair:1   | Reached skill level 1 in Invocations
  9458 | Lair:1   | Noticed bande's ghost (journeyman GrFi)
  9521 | Lair:1   | Found the +8 autumn katana {manifold assault}
  9533 | Lair:1   | Found a runed translucent gate.
  9533 | Lair:1   | Found a runed translucent gate.
  9533 | Lair:1   | Found a runed translucent gate.
  9551 | Lair:1   | Reached skill level 10 in Fighting
  9920 | Lair:2   | Found a staircase to the Snake Pit.
 10923 | Lair:3   | Reached XP level 13. HP: 83/83 MP: 15/15
 11016 | Lair:3   | Noticed Rupert
 11025 | Lair:3   | HP: 1/83 [Rupert/+1 heavy great sword (51)]
 11026 | Lair:3   | Killed Rupert
 11703 | Lair:3   | Found a staircase to the Swamp.
 11843 | Lair:4   | Found a dark tunnel.
 11855 | Volcano  | Entered a volcano
 11879 | Volcano  | Reached skill level 5 in Invocations
 12353 | Lair:4   | Identified the +8 flail "Heridgh" {drain, rF- Int+7 Dex+5}
 12825 | Lair:4   | Found a runed translucent door.
 13253 | Lair:4   | Reached skill level 15 in Axes
 13552 | Lair:4   | Noticed an entropy weaver
 13565 | Lair:4   | Killed an entropy weaver
 13691 | Lair:4   | Noticed an entropy weaver
 13697 | Lair:4   | Killed an entropy weaver
 13698 | Lair:4   | Gained mutation: Your large and strong wings let you fly.
                  | [Gargoyle growth]
 13698 | Lair:4   | Reached XP level 14. HP: 40/92 MP: 19/19
 14223 | Lair:5   | Entered Level 5 of the Lair of Beasts
 14503 | Lair:5   | Found a staircase to the Slime Pits.
 14504 | Lair:5   | Found a viscous altar of Jiyva.
 14739 | Lair:5   | Identified the +11 great sword "Fihuneushu" {flame, Will+
                  | rCorr}
 15500 | Orc:1    | Entered Level 1 of the Orcish Mines
 15604 | Orc:1    | Found Cocwuhi's General Store.
 15791 | Orc:2    | Entered Level 2 of the Orcish Mines
 15914 | Orc:2    | Paralysed by an ogre mage for 5 turns
 15917 | Orc:2    | Reached XP level 15. HP: 69/99 MP: 20/22
 16182 | Orc:2    | Reached skill level 10 in Invocations
 16541 | Orc:2    | Found Dyc Isy's Armour Shop.
 16542 | Orc:2    | Found Vetir's Jewellery Shop.
 16560 | Orc:2    | Found Yneryl's Antique Weapon Emporium.
 16638 | Orc:2    | Found Guw Zur's Weapon Boutique.
 16646 | Orc:2    | Found Quve Feoqun's Book Emporium.
 16908 | Orc:2    | Found a staircase to the Elven Halls.
 17006 | Orc:2    | Bought the +0 cloak of Dina {rElec rN+ Str+3 Dex+2} for 498
                  | gold pieces
 17016 | Orc:2    | Bought the +1 plate armour "Raodaumm" {rF+ rC+ Str+5} for
                  | 892 gold pieces
 17046 | Orc:1    | Noticed Fannar
 17064 | Orc:1    | Killed Fannar
 17070 | Orc:1    | Noticed an orc warlord
 17090 | Orc:1    | Killed an orc warlord
 17331 | Orc:1    | Paralysed by an orc sorcerer for 5 turns
 17742 | D:12     | Identified the +0 robe "Bolipsag" {Str+2 Int+3 SInv}
 18279 | Orc:2    | Bought the ring of Iholio {rF- rCorr Str+4 Int+6 Dex+2} for
                  | 813 gold pieces
 18479 | D:13     | Found a runed translucent gate.
 18479 | D:13     | Found a runed translucent gate.
 18481 | D:13     | Found a runed translucent gate.
 18484 | D:13     | Noticed rogsnak's ghost (journeyman BaFE)
 18526 | D:13     | Reached ****** piety under the Shining One
 18616 | D:13     | Found a gate leading to a gauntlet.
 18622 | D:13     | Reached skill level 15 in Fighting
 18628 | Gauntlet | Entered a Gauntlet
 18628 | Gauntlet | Found a transporter.
 18661 | Gauntlet | Found a transporter.
 18676 | Gauntlet | Found a transporter.
 18681 | Gauntlet | Found a transporter.
 18696 | Gauntlet | Found a transporter.
 18715 | Gauntlet | Found a transporter.
 18717 | Gauntlet | Found the +3 hat of Pondering {ponderous, Will+ MP+10
                  | Int+5}
 18727 | Gauntlet | Found a transporter.
 18739 | Gauntlet | Found a transporter.
 18747 | Gauntlet | Found a large runed translucent door.
 18748 | Gauntlet | Found a large runed translucent door.
 18749 | Gauntlet | Found a large runed translucent door.
 18749 | Gauntlet | Found a large runed translucent door.
 18750 | Gauntlet | Found a runed translucent gate.
 18751 | Gauntlet | Found a transporter.
 18751 | Gauntlet | Found a runed translucent gate.
 18752 | Gauntlet | Found a runed translucent gate.
 18753 | Gauntlet | Found a large runed translucent door.
 18753 | Gauntlet | Found a large runed translucent door.
 18754 | Gauntlet | Found a large runed translucent door.
 18755 | Gauntlet | Found a large runed translucent door.
 18763 | Gauntlet | Found a transporter.
 18776 | Gauntlet | Found a large runed translucent door.
 18776 | Gauntlet | Found a large runed translucent door.
 18776 | Gauntlet | Found a runed translucent door.
 18776 | Gauntlet | Found a runed translucent door.
 18777 | Gauntlet | Found a large runed translucent door.
 18778 | Gauntlet | Found a large runed translucent door.
 18780 | Gauntlet | Found a transporter.
 18780 | Gauntlet | Found a transporter.
 18796 | Gauntlet | Found a large runed translucent door.
 18796 | Gauntlet | Found a large runed translucent door.
 18797 | Gauntlet | Found a large runed translucent door.
 18798 | Gauntlet | Found a large runed translucent door.
 18800 | Gauntlet | Found a transporter.
 18820 | Gauntlet | Found a transporter.
 18842 | Gauntlet | Found a transporter.
 18919 | Gauntlet | Found a transporter.
 18944 | Gauntlet | Found a transporter.
 18950 | Gauntlet | Found a transporter.
 19207 | Gauntlet | Identified the ring of the Ferocious God {rPois rF+ rC+
                  | Int+9 Dex-4}
 19250 | Gauntlet | Got the Almanac of the Tektite
 19797 | D:13     | Found a portal to a secret trove of treasure.
 19888 | D:13     | Reached XP level 16. HP: 90/108 MP: 25/25
 20154 | D:13     | Got the Precepts of Shivering Corpses
 20198 | D:13     | Found a gate to the Vaults.
 20365 | D:13     | Killed rogsnak's ghost
 21412 | D:15     | Entered Level 15 of the Dungeon
 22413 | D:15     | Found a staircase to the Depths.
 22486 | D:15     | Reached skill level 5 in Armour
 22486 | D:15     | Reached skill level 5 in Shields
 22844 | Snake:1  | Entered Level 1 of the Snake Pit
 22844 | Snake:1  | Found Vegej's Armour Emporium.
 23018 | Snake:1  | Found Umots's Assorted Antiques.
 23203 | Snake:1  | Found Wyffimee's Jewellery Shoppe.
 23217 | Snake:1  | Found Qusyireph's Antique Weapon Boutique.
 23782 | Snake:1  | Noticed Agnes
 23793 | Snake:1  | Found Mobou's Assorted Antiques.
 23861 | Snake:2  | Noticed a nagaraja
 23871 | Snake:2  | Killed a nagaraja
 24527 | Snake:2  | Reached XP level 17. HP: 117/117 MP: 27/27
 25593 | Snake:2  | Reached skill level 15 in Invocations
 26480 | Snake:3  | Noticed Aizul
 26494 | Snake:3  | Killed Aizul
 26581 | Snake:3  | Noticed Bai Suzhen
 26590 | Snake:3  | Killed Bai Suzhen
 27084 | Snake:3  | Noticed Vashnia
 27475 | Snake:3  | Killed Vashnia
 27859 | Snake:4  | Entered Level 4 of the Snake Pit
 28157 | Snake:4  | Found a flickering gateway to a bazaar.
 28166 | Bazaar   | Entered a bazaar
 28288 | Bazaar   | Found Weani's Antique Armour Shop.
 28316 | Bazaar   | Found Wiwadymp's Antique Weapon Shop.
 28330 | Bazaar   | Found Ilum's Antique Armour Boutique.
 28344 | Bazaar   | Found Xiwautz's Magic Scroll Shop.
 28358 | Bazaar   | Found Firpharaso's Armour Boutique.
 28372 | Bazaar   | Found Wif Anea's Weapon Shop.
 28420 | Bazaar   | Bought a +2 pair of gloves of strength for 215 gold pieces
 28494 | Bazaar   | Bought a runed tower shield for 157 gold pieces
 28567 | Bazaar   | Bought a glowing kite shield for 157 gold pieces
 28642 | Bazaar   | Bought a scroll of magic mapping for 97 gold pieces
 28642 | Bazaar   | Bought a scroll of magic mapping for 97 gold pieces
 29055 | Snake:4  | Reached XP level 18. HP: 98/126 MP: 30/30
 29056 | Snake:4  | Reached skill level 10 in Armour
 30036 | Snake:4  | Got a serpentine rune of Zot
 30242 | Swamp:1  | Entered Level 1 of the Swamp
 30826 | Swamp:1  | Identified the +0 plate armour of Supple Strength {rC- rN++
                  | Dex+4 Stlth+}
 31207 | Swamp:1  | Upgraded the game from 0.30-a0-639-g3916f1956a to
                  | 0.30-a0-652-gcc886f7154
 32642 | Swamp:3  | Reached XP level 19. HP: 127/133 MP: 31/31
 33089 | Swamp:4  | Entered Level 4 of the Swamp
 33715 | Swamp:4  | Noticed the 27-headed Lernaean hydra
 33874 | Swamp:4  | Noticed Nikola
 34239 | Swamp:4  | Killed Nikola
 34480 | Swamp:4  | Got a decaying rune of Zot
 34934 | Elf:1    | Entered Level 1 of the Elven Halls
 35019 | Elf:1    | Paralysed by an air elemental for 1 turns
 35022 | Elf:1    | Paralysed by an air elemental for 1 turns
 35071 | Elf:1    | Reached skill level 10 in Shields
 35621 | Elf:1    | Identified the +1 pair of boots "Icsec" {Rampage Slay+2
                  | Stlth+}
 35917 | Elf:1    | Found Buaneul's Jewellery Emporium.
 35918 | Elf:1    | Found Caeq's Book Shop.
 35919 | Elf:1    | Found Ijebbixe's Jewellery Emporium.
 35987 | Orc:2    | Bought an amulet of regeneration for 450 gold pieces
 36195 | D:13     | You paid a toll of 6 potions of haste to enter a treasure
                  | trove
 36196 | Trove    | Entered a treasure trove
 36202 | Trove    | Identified the +3 morningstar "Tattletale" {protect, rF+
                  | Stlth+}
 36210 | Trove    | Identified the +9 rapier "Wynluep" {pain, rElec Will+ Int+4
                  | Dex+4}
 36376 | Lair:1   | Killed bande's ghost
 36542 | Depths:1 | Entered Level 1 of the Depths
 36542 | Depths:1 | Found a one-way gate to the infinite horrors of the Abyss.
 36621 | Depths:1 | Found a gateway to Hell.
 36804 | Depths:1 | Noticed Saint Roka
 36823 | Depths:1 | Killed Saint Roka
 36847 | Depths:1 | Found a broken altar of Ashenzari.
 37221 | Depths:1 | Reached XP level 20. HP: 124/140 MP: 33/33
 37439 | Depths:1 | Found a one-way gateway to a ziggurat.
 37613 | Vaults:1 | Entered Level 1 of the Vaults
 37912 | Vaults:1 | Found a crumbling gateway.
 37953 | Desolati | Entered the Desolation of Salt
 38030 | Desolati | Identified the ring "Qusyi" {rElec rF- rCorr Str+6 Int+4}
 38323 | Desolati | Identified the ring "Kaepaci" {Ice Str+4 Dex+4 Stlth+}
 38324 | Desolati | Identified the ring "Kutor" {rPois Str+6 Int+3 Dex-3}
 38326 | Desolati | Identified the ring "Ifobid" {Fly rC+ Stlth+}
 38329 | Desolati | Got Toschyl's Almanac of Destined Conjury
 38347 | Desolati | Identified the +9 glaive "Dragonslayer" {flame, Int+3}
 38919 | Vaults:1 | Found Jesil's Distillery.
 38953 | Vaults:1 | Reached XP level 21. HP: 143/148 MP: 34/34
 39106 | Vaults:1 | Identified the +5 trident of Cack {freeze, Contam Int+2
                  | Stlth+}
 39198 | Vaults:1 | Reached skill level 15 in Armour
 39825 | Vaults:1 | Identified a +2 broad axe of holy wrath (a +0 broad axe
                  | blessed by the Shining One)
 39825 | Vaults:1 | Received a gift from the Shining One
 41193 | Vaults:3 | Found Xiehim's Weapon Boutique.
 41199 | Vaults:3 | Found Mouviurr's Antique Weapon Shop.
 41527 | Vaults:3 | Found Rec Amik's Antique Armour Shoppe.
 41567 | Vaults:3 | Found Tearr's Distillery.
 41668 | Vaults:3 | Found a staircase to the Crypt.
 41668 | Vaults:3 | Found an ancient bone altar of Kikubaaqudgha.
 41669 | Vaults:3 | Found a basalt altar of Yredelemnul.
 41682 | Vaults:3 | Found Kyxua's Armour Shoppe.
 42044 | Vaults:3 | Found Dugudijo's Weapon Shoppe.
 42446 | Vaults:4 | Reached XP level 22. HP: 139/156 MP: 34/36
 42529 | Vaults:4 | Noticed Mennas
 42582 | Vaults:4 | Killed Mennas
 43290 | Vaults:4 | Reached skill level 15 in Shields
 43797 | Vaults:5 | Entered Level 5 of the Vaults
 43896 | Vaults:5 | Noticed a dread lich
 43922 | Vaults:4 | Paralysed by a dread lich for 5 turns
 44077 | Vaults:4 | Killed a dread lich
 44078 | Vaults:4 | Reached XP level 23. HP: 164/164 MP: 37/37
 44089 | Vaults:5 | Noticed a dread lich
 44107 | Vaults:5 | Killed a dread lich
 44112 | Vaults:5 | Identified the ring "Reagi" {rPois rC+ Str+4 Slay-5}
 44234 | Vaults:5 | Identified the +8 rapier of Wyrd {elec, *Noise Fly rElec
                  | rN+}
 44436 | Vaults:5 | Identified the +8 dagger of Disharmony {distort, rPois
                  | rCorr Dex+2 SInv}
 44568 | Vaults:5 | Identified the +5 plate armour "Sischib" {+Inv Int+4 Dex-2}
 45019 | Vaults:5 | Got a silver rune of Zot
 45517 | Crypt:1  | Entered Level 1 of the Crypt
 45554 | Crypt:1  | Noticed Frederick
 45573 | Crypt:1  | Killed Frederick
 45839 | Snake:1  | Killed Agnes
 45863 | Snake:1  | Bought the ring of the Snail {rN+ Will++} for 451 gold
                  | pieces
 46132 | Depths:2 | Noticed a caustic shrike
 46155 | Depths:1 | Killed a caustic shrike
 46291 | Depths:2 | Identified the ring "Fuofar" {rCorr EV+5 Str+2 Int+3 Dex-2}
 46517 | Depths:2 | Noticed a caustic shrike
 46538 | Depths:2 | Killed a caustic shrike
 46567 | Depths:2 | Reached XP level 24. HP: 110/172 MP: 38/38
 46817 | Depths:2 | Identified the +7 mace of the Chewing Stork {drain, Str+7
                  | Int-4 Stlth+}
 46839 | Depths:2 | You are sucked into a shaft and drop 1 floor!
 46846 | Depths:3 | Noticed a caustic shrike
 47019 | Depths:2 | Identified the +5 sling of Igurum {antimagic, Dex+5}
 47160 | Depths:2 | Found a one-way gate leading to the halls of Pandemonium.
 47664 | Crypt:1  | Identified the ring of Nyocek {Ice *Corrode +Blink rElec
                  | Str+7}
 47664 | Crypt:1  | Noticed Josephina
 47685 | Crypt:1  | Killed Josephina
 48026 | Crypt:1  | You are sucked into a shaft and drop 1 floor!
 48746 | Crypt:2  | Noticed Vv
 48793 | Crypt:2  | Killed Vv
 48890 | Crypt:3  | Entered Level 3 of the Crypt
 48920 | Crypt:3  | Found a corrupted altar of Lugonu.
 49048 | Crypt:3  | Found a staircase to the Tomb.
 49429 | Crypt:3  | Noticed an ancient lich
 49443 | Crypt:3  | Killed an ancient lich
 49444 | Crypt:3  | Reached XP level 25. HP: 180/180 MP: 38/38
 49448 | Crypt:3  | Identified the +5 ring mail "Doug" {Str+7 Int-2}
 49451 | Crypt:3  | Identified the +6 scale mail of Action {Rampage +Inv}
 49691 | Tomb:1   | Entered Level 1 of the Tomb of the Ancients
 50359 | Tomb:1   | Noticed a royal mummy
 50371 | Tomb:1   | Killed a royal mummy
 50397 | Tomb:1   | Acquired 1201 gold pieces
 50507 | Tomb:2   | Noticed a royal mummy
 50507 | Tomb:2   | Noticed a royal mummy
 50507 | Tomb:2   | Noticed a royal mummy
 50508 | Tomb:2   | Noticed a royal mummy
 50508 | Tomb:2   | Noticed a royal mummy
 50515 | Tomb:2   | Killed a royal mummy
 50518 | Tomb:2   | Killed a royal mummy
 50539 | Tomb:2   | Killed a royal mummy
 50546 | Tomb:2   | Killed a royal mummy
 50550 | Tomb:2   | Killed a royal mummy
 50941 | Tomb:1   | Noticed a royal mummy
 50951 | Tomb:1   | Killed a royal mummy
 50993 | Tomb:1   | Noticed a royal mummy
 51008 | Tomb:1   | Killed a royal mummy
 51011 | Tomb:1   | Noticed a royal mummy
 51012 | Tomb:1   | Noticed a royal mummy
 51013 | Tomb:1   | Noticed a royal mummy
 51017 | Tomb:1   | Noticed a royal mummy
 51024 | Tomb:1   | Noticed a royal mummy
 51024 | Tomb:1   | Noticed a royal mummy
 51026 | Tomb:1   | The Shining One protects you from harm!
 51026 | Tomb:1   | HP: 2/181 [death scarab[a royal mummy] (16)]
 51029 | Tomb:1   | The Shining One protects you from harm!
 51029 | Tomb:1   | Noticed a royal mummy
 51744 | Depths:3 | Found Bishodee's Antique Armour Boutique.
 51753 | Depths:3 | Bought a pair of bloodstained gloves for 408 gold pieces
 51753 | Depths:3 | Identified the +1 pair of gloves of Xonlacal {Drain rCorr
                  | Dex+4} (You bought it in a shop on level 3 of the Depths)
 51893 | Depths:3 | Reached XP level 26. HP: 188/188 MP: 38/38
 51906 | Depths:3 | Found Kuhoteatuq's General Store.
 52034 | Depths:3 | Found Heut's Weapon Boutique.
 52323 | Depths:3 | Found a runed translucent gate.
 52323 | Depths:3 | Found a runed translucent gate.
 52323 | Depths:3 | Found a runed translucent gate.
 52324 | Depths:3 | Noticed Himmaryad's ghost (adept TrMo)
 52357 | Depths:3 | Found Cesere's Jewellery Boutique.
 52434 | Depths:3 | Noticed Caat Rau's ghost (adept DgCj)
 52450 | Depths:3 | Killed Himmaryad's ghost
 52454 | Depths:3 | Killed Caat Rau's ghost
 52683 | Vaults:3 | Bought faintly glowing storm dragon scales for 2550 gold
                  | pieces
 52683 | Vaults:3 | Identified the +3 storm dragon scales of Quthrix {rElec
                  | Regen+ Str+3 Int+3} (You bought it in a shop on level 3 of
                  | the Vaults)
 52703 | Vaults:3 | Upgraded the game from 0.30-a0-652-gcc886f7154 to
                  | 0.30-a0-702-gdf48620a09
 53040 | Depths:4 | Entered Level 4 of the Depths
 53243 | Depths:4 | Identified the +6 mace of Exiec {heavy, Str+4}
 53557 | Depths:4 | Found a basalt altar of Yredelemnul.
 54209 | D:11     | Bought a scroll of enchant weapon for 82 gold pieces
 54209 | D:11     | Bought a scroll of enchant weapon for 82 gold pieces
 54209 | D:11     | Bought a scroll of enchant weapon for 82 gold pieces
 54209 | D:11     | Bought a scroll of blinking for 82 gold pieces
 54555 | Depths:4 | Found a gate to the Realm of Zot.
 55054 | Tomb:1   | Killed a royal mummy
 55065 | Tomb:1   | Killed a royal mummy
 55139 | Tomb:1   | Killed a royal mummy
 55150 | Tomb:1   | Killed a royal mummy
 55181 | Tomb:1   | Killed a royal mummy
 55214 | Tomb:1   | Killed a royal mummy
 55256 | Tomb:1   | Noticed a royal mummy
 55261 | Tomb:1   | Noticed a royal mummy
 55271 | Tomb:1   | Killed a royal mummy
 55276 | Tomb:1   | Killed a royal mummy
 55396 | Tomb:1   | Killed a royal mummy
 55448 | Tomb:1   | Noticed a royal mummy
 55459 | Tomb:1   | Killed a royal mummy
 55507 | Tomb:1   | Noticed a royal mummy
 55508 | Tomb:1   | Noticed a royal mummy
 55511 | Tomb:1   | Killed a royal mummy
 55521 | Tomb:1   | Killed a royal mummy
 55557 | Tomb:1   | Noticed a royal mummy
 55570 | Tomb:1   | Killed a royal mummy
 55747 | Tomb:3   | Entered Level 3 of the Tomb of the Ancients
 55753 | Tomb:3   | Noticed a royal mummy
 55754 | Tomb:3   | Noticed a royal mummy
 55759 | Tomb:3   | Noticed a royal mummy
 55760 | Tomb:3   | Noticed a royal mummy
 55763 | Tomb:3   | Noticed a royal mummy
 55765 | Tomb:3   | Noticed a royal mummy
 55770 | Tomb:3   | Noticed a royal mummy
 55779 | Tomb:3   | Got a golden rune of Zot
 55896 | Tomb:3   | Noticed a royal mummy
 55902 | Tomb:3   | Killed a royal mummy
 56672 | Slime:1  | Entered Level 1 of the Pits of Slime
 56911 | Slime:1  | Reached XP level 27. HP: 192/196 MP: 39/39
 57343 | Slime:3  | Gained mutation: You are occasionally teleported next to
                  | monsters. [a shining eye]
 57438 | Slime:5  | Entered Level 5 of the Pits of Slime
 57513 | Slime:5  | Noticed the Royal Jelly
 57536 | Slime:5  | Killed the Royal Jelly
 57665 | Slime:5  | Identified the +11 scimitar "Transmigrator" {freeze, rN++}
 57667 | Slime:5  | Got a slimy rune of Zot
 57668 | Slime:5  | Identified the ring of Bodily Harmony {rC+ Str+4}
 57698 | Slime:5  | Identified the ring of Figrinye {rF+ Will+ EV+5 Dex-3 SInv}
 57711 | Slime:5  | Identified the +6 war axe "Utimaj" {protect, rF+ Will+}
 57714 | Slime:5  | Identified the +4 rapier of Kismet {heavy, Drain rC+ Dex+2}
 57807 | Slime:5  | Lost mutation: You are occasionally teleported next to
                  | monsters. [potion of mutation]
 57807 | Slime:5  | Gained mutation: You have a pair of small horns on your
                  | head. [potion of mutation]
 57807 | Slime:5  | Gained mutation: You occasionally lose the ability to drink
                  | potions when taking damage. [potion of mutation]
 57807 | Slime:5  | Gained mutation: Armour fits poorly on your strangely
                  | shaped body. [potion of mutation]
 57807 | Slime:5  | Gained mutation: You have hidden genetic potential. [potion
                  | of mutation]
 58179 | Hell     | Entered the Vestibule of Hell
 58179 | Hell     | Noticed Geryon
 58215 | Hell     | Killed Geryon
 58308 | Hell     | Found a gateway to the Iron City of Dis.
 58371 | Hell     | Found a gateway to the ashen valley of Gehenna.
 58446 | Hell     | Found a gateway to the decaying netherworld of Tartarus.
 58497 | Hell     | Found a gateway to the freezing wastes of Cocytus.
 58693 | Depths:2 | Voluntarily entered the Abyss.
 58705 | Abyss:1  | Found an ornate altar of the Wu Jian Council.
 58749 | Abyss:1  | Found a corrupted altar of Lugonu.
 58823 | Abyss:1  | Found a corrupted altar of Lugonu.
 58886 | Abyss:1  | Gained mutation: You are strong-willed. (Will+) [a neqoxec]
 58887 | Abyss:1  | Gained mutation: You are dopey. (Int -2) [a neqoxec]
 58892 | Abyss:1  | Gained mutation: You are vulnerable to cold. (rC-) [a
                  | neqoxec]
 59278 | Abyss:4  | Found a sparkling altar of Nemelex Xobeh.
 59446 | Abyss:5  | Reached skill level 27 in Fighting
 59529 | Abyss:5  | Gained mutation: You are frail. (-10% HP) [a neqoxec]
 59551 | Abyss:5  | Gained mutation: You sometimes lose your temper in combat.
                  | [a neqoxec]
 59708 | Abyss:5  | Paralysed by accursed screaming for 1 turns
 59739 | Abyss:5  | Got an abyssal rune of Zot
 59748 | Depths:2 | Escaped the Abyss
 60144 | Geh:1    | Entered Level 1 of Gehenna
 60293 | Geh:1    | Gained mutation: You are partially covered in iridescent
                  | scales. (AC +2) [hidden potential]
 60468 | Geh:2    | Lost mutation: Armour fits poorly on your strangely shaped
                  | body. [potion of mutation]
 60468 | Geh:2    | Lost mutation: You are partially covered in iridescent
                  | scales. (AC +2) [potion of mutation]
 60468 | Geh:2    | Lost mutation: You are dopey. (Int -2) [potion of mutation]
 60468 | Geh:2    | Lost mutation: You are vulnerable to cold. (rC-) [potion of
                  | mutation]
 60468 | Geh:2    | Gained mutation: A frigid envelope surrounds you and
                  | freezes all who hurt you. [potion of mutation]
 60479 | Geh:2    | Lost mutation: You sometimes lose your temper in combat.
                  | [potion of mutation]
 60479 | Geh:2    | Lost mutation: You have a pair of small horns on your head.
                  | [potion of mutation]
 60479 | Geh:2    | Gained mutation: You have a pair of small horns on your
                  | head. [potion of mutation]
 60515 | Geh:2    | Found a runed translucent gate.
 60515 | Geh:2    | Found a runed translucent gate.
 60516 | Geh:2    | Found a runed translucent gate.
 60516 | Geh:2    | Found a runed translucent gate.
 60517 | Geh:2    | Found a runed translucent gate.
 60521 | Geh:2    | Found a runed translucent gate.
 60521 | Geh:2    | Found a runed translucent gate.
 60522 | Geh:2    | Found a runed translucent gate.
 60522 | Geh:2    | Found a runed translucent gate.
 60522 | Geh:2    | Found a runed translucent gate.
 60522 | Geh:2    | Found a runed translucent gate.
 60522 | Geh:2    | Found a runed translucent gate.
 62300 | Geh:7    | Entered Level 7 of Gehenna
 62688 | Geh:7    | Reached skill level 27 in Invocations
 63050 | Geh:7    | Found the +7 sceptre of Asmodeus
 63050 | Geh:7    | Identified the ring "Futreox" {rF++ Will+}
 63050 | Geh:7    | Noticed Asmodeus
 63070 | Geh:7    | Killed Asmodeus
 63083 | Geh:7    | Got an obsidian rune of Zot
 63087 | Geh:7    | Identified the +5 double sword "Ephec" {heavy, rN+ Int+3}
 63268 | Coc:1    | Entered Level 1 of Cocytus
 63380 | Coc:1    | You are sucked into a shaft and drop 1 floor!
 63656 | Coc:3    | Paralysed by a wendigo for 1 turns
 63806 | Coc:3    | Gained mutation: Your natural rate of healing is unusually
                  | fast. [hidden potential]
 63806 | Coc:3    | Lost mutation: You have hidden genetic potential. [hidden
                  | potential expressed]
 64847 | Coc:7    | Entered Level 7 of Cocytus
 64970 | Coc:7    | Paralysed by a wendigo for 1 turns
 64982 | Coc:7    | Paralysed by a wendigo for 1 turns
 65087 | Coc:7    | Noticed Antaeus
 65140 | Coc:7    | Killed Antaeus
 65181 | Coc:7    | Reached skill level 27 in Armour
 65261 | Coc:7    | Got an icy rune of Zot
 65420 | Dis:1    | Entered Level 1 of the Iron City of Dis
 66056 | Dis:3    | Reached skill level 27 in Shields
 66081 | Dis:3    | Reached skill level 1 in Stealth
 66134 | Dis:3    | Reached skill level 1 in Dodging
 66392 | Dis:5    | Reached skill level 5 in Stealth
 66927 | Dis:7    | Entered Level 7 of the Iron City of Dis
 67047 | Dis:7    | Reached skill level 5 in Dodging
 67471 | Dis:7    | Reached skill level 10 in Stealth
 67595 | Dis:7    | Identified the +5 morningstar of Xyseel {freeze, Int+4}
 67666 | Dis:7    | Found the +4 staff of Dispater
 67666 | Dis:7    | Noticed Dispater
 68147 | Dis:7    | Got the Treatise on Frore Bad Luck
 68399 | Dis:7    | Identified the +2 robe "Mapnon" {rN+}
 68428 | Dis:7    | Identified the +5 quarterstaff of Hospitality {flame, rElec
                  | rF+ Str+2}
 68502 | Dis:7    | Identified the ring "Soonoek" {Drain rElec rF+ rN+ rCorr}
 68741 | Dis:7    | Killed Dispater
 68837 | Dis:7    | Got an iron rune of Zot
 68841 | Dis:7    | Upgraded the game from 0.30-a0-702-gdf48620a09 to
                  | 0.30-a0-711-gf4ac18a38d
 68843 | Dis:7    | Learned a level 1 spell: Apportation
 69044 | Tar:1    | Entered Level 1 of Tartarus
 69076 | Tar:1    | Reached skill level 1 in Translocations
 69445 | Tar:2    | Reached skill level 10 in Dodging
 69620 | Tar:3    | Reached skill level 5 in Translocations
 69786 | Tar:4    | Noticed a dread lich
 69804 | Tar:4    | Killed a dread lich
 70157 | Tar:5    | You are sucked into a shaft and drop 1 floor!
 70299 | Tar:6    | Noticed a royal mummy
 70310 | Tar:6    | Killed a royal mummy
 70531 | Tar:7    | Entered Level 7 of Tartarus
 70546 | Tar:7    | Reached skill level 10 in Translocations
 70667 | Tar:7    | Noticed the Serpent of Hell
 70681 | Tar:7    | Killed the Serpent of Hell
 70740 | Tar:7    | Noticed Ereshkigal
 70809 | Tar:7    | Paralysed by Ereshkigal for 3 turns
 70819 | Tar:7    | Killed Ereshkigal
 71078 | Tar:7    | Got the Atlas of Alluring Frostbite
 71116 | Tar:7    | Identified the +0 robe of Fortification {Dex+3}
 71308 | Tar:7    | Got a bone rune of Zot
 71596 | Pan      | Entered Pandemonium
 71643 | Pan      | Noticed Kaanleh the pandemonium lord
 71657 | Pan      | Killed Kaanleh the pandemonium lord
 72066 | Pan      | Noticed Ignacio
 72075 | Pan      | Killed Ignacio
 72431 | Pan      | Reached skill level 15 in Dodging
 72496 | Pan      | Identified the +9 plate armour "Olefoer" {Int+3}
 72594 | Pan      | Learned a level 4 spell: Passage of Golubria
 72617 | Pan      | Noticed Maanay Byqe the pandemonium lord
 72624 | Pan      | Killed Maanay Byqe the pandemonium lord
 73039 | Pan      | Learned a level 4 spell: Manifold Assault
 73140 | Pan      | Reached skill level 1 in Spellcasting
 73421 | Pan      | Noticed Kahates the pandemonium lord
 73438 | Pan      | Killed Kahates the pandemonium lord
 73838 | Pan      | Entered the realm of Cerebov.
 74326 | Pan      | Identified the +1 robe "Ogrin" {rC+ rCorr Str+2}
 74399 | Pan      | Found the +6 sword of Cerebov {flame}
 74399 | Pan      | Noticed Cerebov
 74579 | Pan      | Killed Cerebov
 74632 | Pan      | Identified the ring of Xiabbinaly {Str+3 Int-2 Dex+6
                  | Stlth+}
 74641 | Pan      | Identified the +5 ring mail of the Clam {rPois rC++ Will-
                  | Dex+3}
 74673 | Pan      | Got the Essays on Mercurial Battle Magic
 74676 | Pan      | Got a fiery rune of Zot
 74723 | Pan      | Identified the +2 pair of boots of Instinct {rF+ Dex+6}
 74756 | Pan      | Identified the +1 leather armour of the Eternal Fruit
                  | {-Tele rCorr Slay+5}
 74810 | Pan      | Reached skill level 5 in Spellcasting
 74918 | Pan      | Identified the +1 robe "Sunnai" {Int+2}
 74935 | Pan      | Noticed Temut the pandemonium lord
 74949 | Pan      | Killed Temut the pandemonium lord
 75101 | Pan      | Reached skill level 15 in Stealth
 75104 | Pan      | Found an exit through the horrors of the Abyss.
 76126 | Pan      | Noticed Xixenap the pandemonium lord
 76139 | Pan      | Killed Xixenap the pandemonium lord
 76267 | Pan      | Got a demonic rune of Zot
 76295 | Pan      | Got the Almanac of Karma
 76492 | Pan      | Found an exit through the horrors of the Abyss.
 76797 | Pan      | Found an exit through the horrors of the Abyss.
 76888 | Pan      | Reached skill level 15 in Translocations
 76914 | Pan      | Noticed Buitow the pandemonium lord
 76930 | Pan      | Found an ancient bone altar of Kikubaaqudgha.
 77266 | Pan      | Killed Buitow the pandemonium lord
 77615 | Pan      | Found a transporter.
 78135 | Pan      | Found a transporter.
 79207 | Pan      | Gained mutation: You are very frail. (-20% HP) [a
                  | cacodemon]
 79258 | Pan      | Identified the ring of Vuugg {rC+ rN+ rCorr Int+3 Dex+3}
 79282 | Pan      | Identified the ring of Xom's Recklessness {rF+ Dex+7}
 79293 | Pan      | Identified the +7 shortbow "Ysitequc" {drain, rF+}
 79322 | Pan      | Identified the +8 dire flail of Gravity {speed, Dex+3
                  | Stlth+}
 79326 | Pan      | Identified the +7 great sword "Bafuorch" {freeze, rElec rF-
                  | Int+5 Stlth+}
 79545 | Pan      | Noticed Toam the pandemonium lord
 79558 | Pan      | Killed Toam the pandemonium lord
 79838 | Pan      | Found an exit through the horrors of the Abyss.
 79963 | Pan      | Noticed Istra the pandemonium lord
 79995 | Pan      | Killed Istra the pandemonium lord
 80031 | Pan      | Found a huge runed translucent gate.
 80032 | Pan      | Found a huge runed translucent gate.
 80127 | Pan      | Found an exit through the horrors of the Abyss.
 80343 | Pan      | Gained mutation: Your magical capacity is low. (-10% MP) [a
                  | cacodemon]
 80353 | Pan      | Entered the realm of Gloorx Vloq.
 80400 | Pan      | Reached skill level 10 in Spellcasting
 80434 | Pan      | Noticed Gloorx Vloq
 80442 | Pan      | Killed Gloorx Vloq
 80698 | Pan      | Found an exit through the horrors of the Abyss.
 80980 | Pan      | Got a dark rune of Zot
 81074 | Pan      | Entered the realm of Mnoleg.
 81077 | Pan      | Gained mutation: You occasionally lose the ability to read
                  | scrolls when taking damage. [a cacodemon]
 81083 | Pan      | Lost mutation: You have a pair of small horns on your head.
                  | [a cacodemon]
 81085 | Pan      | Identified the +0 tower shield of Jonwod {Rampage rN+ Dex+2
                  | Slay+2}
 81212 | Pan      | Gained mutation: You are dopey. (Int -2) [a neqoxec]
 81214 | Pan      | Gained mutation: You are clumsy. (Dex -2) [a neqoxec]
 81246 | Pan      | Found an exit through the horrors of the Abyss.
 81362 | Pan      | Paralysed by a floating eye for 4 turns
 81379 | Pan      | Gained mutation: You have hidden genetic defects. [a
                  | shining eye]
 81663 | Pan      | Noticed Mnoleg
 81666 | Pan      | Lost mutation: You are strong-willed. (Will+) [a shining
                  | eye]
 81683 | Pan      | Paralysed by a great orb of eyes for 3 turns
 81697 | Pan      | Killed Mnoleg
 81729 | Pan      | Lost mutation: You occasionally lose the ability to read
                  | scrolls when taking damage. [potion of mutation]
 81729 | Pan      | Lost mutation: Your natural rate of healing is unusually
                  | fast. [potion of mutation]
 81729 | Pan      | Gained mutation: You are strong-willed. (Will+) [potion of
                  | mutation]
 81729 | Pan      | Gained mutation: You have sharp toenails. [potion of
                  | mutation]
 81730 | Pan      | Lost mutation: You are clumsy. (Dex -2) [potion of
                  | mutation]
 81730 | Pan      | Lost mutation: You have sharp toenails. [potion of
                  | mutation]
 81730 | Pan      | Gained mutation: You do not regenerate when monsters are
                  | visible. [potion of mutation]
 81731 | Pan      | Lost mutation: You have hidden genetic defects. [potion of
                  | mutation]
 81731 | Pan      | Lost mutation: You are strong-willed. (Will+) [potion of
                  | mutation]
 81731 | Pan      | Gained mutation: You possess an exceptional clarity of
                  | mind. [potion of mutation]
 81731 | Pan      | Lost mutation: You are very frail. (-20% HP) [potion of
                  | mutation]
 81732 | Pan      | Lost mutation: You are dopey. (Int -2) [potion of mutation]
 81732 | Pan      | Lost mutation: You occasionally lose the ability to drink
                  | potions when taking damage. [potion of mutation]
 81732 | Pan      | Lost mutation: You do not regenerate when monsters are
                  | visible. [potion of mutation]
 81732 | Pan      | Gained mutation: Your flesh is cold resistant. (rC+)
                  | [potion of mutation]
 81732 | Pan      | Lost mutation: You possess an exceptional clarity of mind.
                  | [potion of mutation]
 81732 | Pan      | Gained mutation: You are weak. (Str -2) [potion of
                  | mutation]
 81850 | Pan      | Got a glowing rune of Zot
 81976 | Pan      | Gained mutation: Your magical capacity is very low. (-20%
                  | MP) [a neqoxec]
 81990 | Pan      | Found an exit through the horrors of the Abyss.
 82120 | Pan      | Noticed Nuesm the pandemonium lord
 82155 | Pan      | Killed Nuesm the pandemonium lord
 82912 | Pan      | Noticed Seffaij the pandemonium lord
 82927 | Pan      | Killed Seffaij the pandemonium lord
 83000 | Pan      | Entered the realm of Lom Lobon.
 83851 | Pan      | Noticed Lom Lobon
 84114 | Pan      | Killed Lom Lobon
 84263 | Pan      | Got a magical rune of Zot
 84495 | Pan      | Found an exit through the horrors of the Abyss.
 84817 | Pan      | Found an exit through the horrors of the Abyss.
 85156 | Pan      | Found a transporter.
 85598 | Pan      | Gained mutation: You do not regenerate when monsters are
                  | visible. [a neqoxec]
 85599 | Pan      | Gained mutation: You are very weak. (Str -4) [a neqoxec]
 85798 | Pan      | Noticed Metirot the pandemonium lord
 85813 | Pan      | Killed Metirot the pandemonium lord
 85975 | Pan      | Found an exit through the horrors of the Abyss.
 86010 | Pan      | Noticed Jezinom the pandemonium lord
 86026 | Pan      | Killed Jezinom the pandemonium lord
 86048 | Pan      | Gained mutation: You passively dampen the noise of your
                  | surroundings. [a cacodemon]
 86073 | Pan      | Found an exit through the horrors of the Abyss.
 86185 | Pan      | Noticed Qagoel the pandemonium lord
 86192 | Pan      | Killed Qagoel the pandemonium lord
 86440 | Pan      | Gained mutation: You are occasionally teleported next to
                  | monsters. [a cacodemon]
 86866 | Pan      | Noticed Ripu the pandemonium lord
 86900 | Pan      | HP: 3/179 [Brimstone Fiend/damnation (46)]
 86908 | Pan      | HP: 2/179 [Ripu the pandemonium lord/living lightning (8)]
 86910 | Pan      | Killed from afar by Ripu the pandemonium lord

Illustrated notes

Levels and vault maps discovered:
D:1:      dpeg_arrival_boxes_within_box, layout_basic, serial_shops, shop,
          corner_web_ring, minivault_25
D:2:      minmay_spotlight, layout_basic, basic_altar
D:3:      layout_basic, nicolae_overflow_hidden_temple
D:4:      gammafunk_cloud_chamber, layout_basic,
          minmay_overflow_temple_star_quad, minmay_door_square, minivault_26,
          minmay_puff, uniq_duvessa, uniq_grinder
D:5:      layout_basic, serial_shops, nicolae_square_shop, uniq_edmund
D:6:      layout_loops_ring, zin_academy, minmay_temple_entry_sparse_star
D:7:      layout_basic, chequers_ossuary_entry_cave,
          hellmonk_guarded_unrand_frostbite, uniq_pikel, uniq_maggie
D:8:      layout_basic, minmay_lair_entry_grove, minivault_22, uniq_joseph,
          uniq_erica, uniq_amaemon
D:9:      layout_basic, minivault_25, corexii_checkpoint_b,
          nicolae_elevator_lobby_plus
D:10:     layout_gridville
D:11:     layout_roguey, david_orc_5, serial_shops, shop_fountains
D:12:     layout_basic
D:13:     cheibrodos_lost_city_excavation, layout_basic, david_vaults_2,
          gauntlet_entry_generic, nicolae_trove_entry_columns,
          gammafunk_ghost_split, minmay_fire_ice_demons
D:14:     layout_loops_cross, amcnicky_mini_pool_small
D:15:     hangedman_depths_entry_try_elsewhere_first, layout_stronghold,
          serial_park_paths [serial_park_minivault_5x5_1]
Temple:   hellmonk_temple_two_chambers
Lair:1:   layout_gridlike, gammafunk_ghost_split, grunt_megastairs_2
Lair:2:   layout_cave_pods, minmay_snake_entry_guardpost_small
Lair:3:   layout_hall_layers, nicolae_swamp_entry_splash_gauntlet,
          lemuel_fruit_tree, uniq_rupert
Lair:4:   gammafunk_mikee_crab_dinner, layout_loops_ring,
          nicolae_volcano_entry_hallway, serial_bayou_shore_b,
          grunt_megastairs_5, serial_bayou_shore_a, infiniplex_staircase_pool
Lair:5:   grunt_lair_end_beastmaster, layout_misc_corridors, slime_entry_1,
          serial_bayou_shore_b
Swamp:1:  layout_basic_swamp, nicolae_swamp_trees_clearing, swamp_pool4
Swamp:2:  layout_basic_swamp, evilmike_swamp_ruin_house_3, swamp_pool1,
          nicolae_swamp_wisp_ring_woods
Swamp:3:  layout_falls_marsh, evilmike_swamp_ruin_house_5, swamp_pool3,
          hangedman_swamp_double_dragon
Swamp:4:  swamp_old_school, layout_basic_swamp, uniq_nikola
Snake:1:  layout_cave_shapes, serial_shops, shop, shop,
          nicolae_shop_overgrown_old_shop, shop, shop, uniq_agnes
Snake:2:  layout_cave_town
Snake:3:  layout_onion, uniq_bai_suzhen, uniq_vashnia, uniq_aizul
Snake:4:  snake_pit, layout_misc_corridors, serial_shops, bzr_entry_water
Slime:1:  layout_caves, nicolae_slime_phagocytosis
Slime:2:  layout_caves
Slime:3:  layout_caves
Slime:4:  layout_caves, nicolae_slime_crime_time
Slime:5
Orc:1:    layout_diamond_mine, serial_shops, nicolae_shop_crystal, uniq_fannar
Orc:2:    st_orc_open, layout_caves, serial_shops, shop_fountains
Elf:1:    minmay_elf_arrival_circle, layout_loops_cross,
          hangedman_elf_represent, drop_trap, minmay_shop_grove
Vaults:1: portal_desolation_entry_garden, vaults_dpeg_diagonal,
          nicolae_vaults_network_periphery, v_pattern_3,
          nicolae_vaults_ring_of_whatevers, ontoclasm_vaults_ring_square,
          vaults_room_grunt_arrival_checkpoint, hangedman_vaults_stitches,
          vaults_room_grunt_arrival_ludios, vaults_room_corners,
          nicolae_vaults_circle_grid_a, nicolae_vaults_rhombus_5,
          layout_vaults_maze_snakey, serial_shops, nicolae_shop_window_shopping
Vaults:2: vaults_room_boxed, grunt_vaults_focal, ontoclasm_vaults_ligature,
          st_squares, v_misc_23, hangedman_vaults_restitches,
          ontoclasm_vaults_chip, vaults_room_ringed_pool, grunt_vaults_funnel,
          nicolae_vaults_specimen_jars, ontoclasm_vaults_fault,
          layout_vaults_big_cross
Vaults:3: minmay_crypt_entry_necro_gods, v_rooms_3,
          hangedman_vaults_stretched_pinwheel, nicolae_vaults_little_squares_5,
          nicolae_vaults_little_squares_2, vaults_room_guarded_vault,
          vaults_room_mumra_shop_pool, grunt_vaults_hallway_long,
          nicolae_vaults_theta, layout_vaults_omnigrid, serial_shops, shop,
          nicolae_shop_bloodbath_and_beyond, shop_fountains, shop,
          nicolae_shop_hallway_plus
Vaults:4: nicolae_vaults_theta, ontoclasm_vaults_ring_large,
          nicolae_vaults_little_squares_6, st_quartered_hall, v_misc_12,
          hangedman_vaults_impose, nicolae_vaults_rhombus_7,
          grunt_vaults_hallway_short, vaults_room_pools, v_pattern_5,
          ontoclasm_vaults_chip, vaults_room_fours, v_alt_pattern_2,
          layout_vaults_big_room, serial_shops, uniq_mennas
Vaults:5: serial_shops
Crypt:1:  layout_regular_city, uniq_josephina, uniq_frederick
Crypt:2:  layout_gridlike, lemuel_upstairs_altar, uniq_vv
Crypt:3:  david_glass_crypt, layout_rooms,
          nicolae_tomb_entry_unfolded_pyramid_diagonal, lemuel_hellish_altar
Tomb:1
Tomb:2
Tomb:3
Depths:1: layout_honeycomb, enter_ziggurat_e, abyss_entry_crystal,
          pf_hell_entry_tar_river, ashenzari_altar_1, uniq_saint_roka
Depths:2: minmay_the_grid_square_5x5_5x5 [minmay_the_grid_square_5x5_minimal,
          minmay_the_grid_square_5x5_n, minmay_the_grid_square_5x5_hourglass,
          minmay_the_grid_square_5x5_dogpile,
          minmay_the_grid_square_5x5_beaten_path,
          minmay_the_grid_square_5x5_three_walls,
          minmay_the_grid_square_5x5_prize_monsterx,
          minmay_the_grid_square_5x5_n_small,
          minmay_the_grid_square_5x5_prize_open,
          minmay_the_grid_square_5x5_fat_x,
          minmay_the_grid_square_5x5_hollow_slash,
          minmay_the_grid_square_5x5_misaligned,
          minmay_the_grid_square_5x5_prize_pseudospiral,
          minmay_the_grid_square_5x5_one_wall,
          minmay_the_grid_square_5x5_gyroscope,
          minmay_the_grid_square_5x5_pentomino_r,
          minmay_the_grid_square_5x5_prize_junk,
          minmay_the_grid_square_5x5_longway,
          minmay_the_grid_square_5x5_prize_snowflake,
          minmay_the_grid_square_5x5_bite, minmay_the_grid_square_5x5_spiral,
          minmay_the_grid_square_5x5_minibox,
          minmay_the_grid_square_5x5_minivault, minmay_the_grid_square_5x5_two,
          minmay_the_grid_square_5x5_checkered], layout_cave_shapes, hell_entry,
          serial_column_ruins, column_ruins_hut, column_ruins_open_small,
          column_ruins_corridor_straight, column_ruins_open_tiny,
          column_ruins_columns_T, column_ruins_corridor_water, abyss_entry,
          rand_demon_pan_entry_8, minmay_misc_feat_ornament
Depths:3: minmay_bad_star, layout_cave_pools, gammafunk_ghost_cemetery,
          serial_shops, nicolae_shop_trees, shop_fountains,
          nicolae_diamond_shop, nicolae_inconvenience_store, abyss_entry,
          pf_coc_iceberg
Depths:4: grunt_zot_entry_gee_three, layout_gridlike, pf_hell_entry_great_geh,
          lemuel_doored_altar, serial_aquarium, aquarium_bridge_square
          [aquarium_subvault_bridge, aquarium_subvault_bridge,
          aquarium_subvault_window, aquarium_subvault_balcony],
          aquarium_window_3, aquarium_window_1, aquarium_view_2e, st_stairs_14
Hell
Dis:1:    layout_subdivisions, glass_columns_a
Dis:2:    layout_regular_city, nicolae_dis_iron_filings
Dis:3:    nicolae_dis_pentagon_1, layout_overlapping_boxes
Dis:4:    layout_gridville
Dis:5:    layout_gridville, nicolae_dis_step_into_the_octagon
Dis:6:    layout_subdivisions
Dis:7:    iron_city_of_dis [dis_old, dis_wall_5], layout_gridville
Geh:1:    layout_gehenna_lava_caves
Geh:2:    layout_gehenna_pools_basic, nicolae_geh_backdraft
Geh:3:    layout_gehenna_pools_triple
Geh:4:    layout_gehenna_pools_basic, nicolae_geh_lavax
Geh:5:    layout_gehenna_lava_caves
Geh:6:    layout_gehenna_pools_box
Geh:7:    geh_grunt_pentagon
Coc:1:    layout_cocytus_delve
Coc:2:    layout_cocytus_water_paths
Coc:3:    layout_cocytus_water_paths
Coc:4:    layout_cocytus_water_paths
Coc:5:    layout_ice_bergs
Coc:6:    layout_cocytus_water_paths
Coc:7:    coc_hangedman
Tar:1:    nicolae_tar_honey_stairs, layout_cathedral_of_symmetry,
          nicolae_hells_hurtin_island
Tar:2:    layout_grid_maze
Tar:3:    layout_catacombs, nicolae_hells_fiendish_ambush
Tar:4:    layout_honeycomb, nicolae_tar_cuneiform_two,
          nicolae_tar_four_comb_rooms
Tar:5:    layout_grid_maze
Tar:6:    nicolae_tar_entombed_in_hell, layout_cathedral_of_symmetry,
          nicolae_tar_cuneiform_two
Tar:7:    tar_old
Pan:      evilmike_mini_pan_doors, layout_grid_shapes, uniq_ignacio,
          grunt_pan_spiral, layout_gridlike, grunt_pan_spiral,
          layout_irregular_city, pan_blood_fountain_small,
          cerebov_grunt_fire_and_steel, layout_gridville,
          evilmike_mini_pan_thingy, layout_basic, evilmike_mini_pan_branches,
          layout_pan_divisions_a [pan_division_quadrant_a3,
          pan_division_quadrant_a3, pan_division_quadrant_a6,
          pan_division_quadrant_a2, pan_division_octagon_empty], pan_disco_hall,
          layout_pan_divisions_a [pan_division_quadrant_a6,
          pan_division_quadrant_a3, pan_division_quadrant_a2,
          pan_division_quadrant_a4, pan_division_octagon_altar],
          gammafunk_dig_for_victory, layout_basic, pan_blood_fountain_small,
          evilmike_mini_pan_pillars_b, layout_basic, nicolae_pan_sick_transit,
          rand_demon_8, layout_irregular_city, nicolae_pan_giant_door,
          layout_stronghold, grunt_pan_pentagram, layout_gridlike, gloorx_vloq,
          layout_rooms, evilmike_mnoleg_eyes, layout_basic,
          regret_index_pan_draining_boxed, layout_pan_divisions_b
          [pan_division_quadrant_b6, pan_division_quadrant_b3,
          pan_division_quadrant_b5, pan_division_quadrant_b3],
          grunt_pan_in_and_out, layout_chambers, pan_blood_fountain_small,
          nicolae_pan_diamonds, layout_small_grid, nicolae_pan_glass_arcs,
          layout_irregular_city, lom_lobon_st, layout_onion_city,
          evilmike_mini_pan_corridor, layout_basic, pan_blood_fountain_small,
          evilmike_mini_pan_corner, layout_cellular_growth,
          nicolae_pan_hourglass, layout_long_grid, nicolae_pan_gloorx_vloqian_2,
          evilmike_mini_pan_pillars, layout_small_grid, gammafunk_its_a_trap,
          layout_grid_shapes, rand_demon_9, layout_stronghold,
          pan_blood_fountain_small, evilmike_mini_pan_corridor,
          layout_small_grid, grunt_pan_in_and_out, layout_onion_city,
          nicolae_pan_lom_lobonic_4, nicolae_pan_strange_glyphs
          [nicolae_pan_strange_glyph_despair, nicolae_pan_strange_glyph_acedia],
          rand_demon_6, layout_pan_divisions_a [pan_division_quadrant_a2,
          pan_division_quadrant_a2, pan_division_quadrant_a2,
          pan_division_quadrant_a4, pan_division_octagon_box],
          evilmike_mini_pan_layers, layout_small_grid,
          nicolae_pan_gloorx_vloqian_2, nicolae_pan_glass_arcs, layout_basic,
          nicolae_pan_mnolegish_4, evilmike_mini_pan_other_thingy,
          layout_cellular_growth

Skill      XL: |  1  2  3  4  5  6  7  8  9 10 11 12 13 14 15 16 17 18 19 20 21 22 23 24 25 26 27 |
---------------+----------------------------------------------------------------------------------+-----
Fighting       | 4 5 6 7 9 10 12 13 15 17 18 19 20 21 22 23 24 25 26 27 | 27.0
Maces & Flails | 3 5 7 9 11 | 11.8
Axes           | 6 11 13 15 16 | 16.8
Invocations    | 3 7 9 12 14 16 17 18 19 20 21 22 23 24 27 | 27.0
Armour         | 6 9 11 13 14 16 17 18 19 21 22 27 | 27.0
Shields        | 5 8 10 12 14 15 17 18 19 20 27 | 27.0
Stealth        | 21 | 21.0
Dodging        | 19 | 19.2
Translocations | 18 | 18.5
Spellcasting   | 13 | 13.4

Action                     |  1- 3 |  4- 6 |  7- 9 | 10-12 | 13-15 | 16-18 | 19-21 | 22-24 | 25-27 || total
---------------------------+-------+-------+-------+-------+-------+-------+-------+-------+-------++-------
  Melee: Flail             |   105 |    89 |    50 |       |       |       |       |       |       ||   244
         Dire flail        |       |       |   173 |    23 |       |       |       |       |       ||   196
         Executioner's axe |       |       |       |   255 |   420 |   301 |       |       |       ||   976
         Broad axe         |       |       |       |       |   132 |   764 |  1363 |  1327 |  6295 ||  9881
         Punch             |       |       |       |       |       |     5 |    10 |       |       ||    15
         Headbutt          |       |       |       |       |       |       |       |       |  1738 ||  1738
   Cast: Manifold Assault  |       |       |       |       |       |       |       |       |   107 ||   107
         Apportation       |       |       |       |       |       |       |       |       |     3 ||     3
 Invoke: Divine Shield     |       |       |       |     3 |    10 |    12 |    23 |    23 |    35 ||   106
         Summon Divine War |       |       |       |       |       |     3 |     1 |     2 |    33 ||    39
         Brand Weapon With |       |       |       |       |       |       |     1 |       |       ||     1
         Cleansing Flame   |       |       |       |       |       |       |       |    10 |    74 ||    84
  Evoke: Wand              |       |       |       |       |       |       |       |       |     4 ||     4
    Use: Potion            |       |       |     4 |       |     4 |     1 |       |     2 |    37 ||    48
         Scroll            |       |       |    18 |     6 |     6 |     3 |    10 |     6 |    26 ||    75
 Armour: Scale mail        |    68 |    59 |    87 |   127 |   282 |       |       |       |       ||   623
         Chain mail        |       |       |    66 |    18 |       |       |       |       |       ||    84
         Plate armour      |       |       |       |    88 |   100 |   662 |   608 |   434 |  1791 ||  3683
  Dodge: Dodged            |    38 |    36 |   103 |   163 |   270 |   262 |   201 |   195 |  1473 ||  2741
         Repelled          |       |       |       |       |       |    31 |     5 |     9 |    68 ||   113
  Block: Buckler           |    26 |    18 |     5 |       |    60 |   123 |       |       |       ||   232
         Other             |       |       |       |     6 |    81 |   175 |    71 |       |       ||   333
         Reflection        |       |       |       |       |    15 |    91 |    64 |    73 |   154 ||   397
         Tower shield      |       |       |       |       |       |   308 |   806 |  1394 |  6298 ||  8806

Table legend: (Time is in decaauts)
 A = Elapsed time spent in this place.
 B = Non-inter-level travel time spent in this place.
 C = Inter-level travel time spent in this place.
 D = Time resting spent in this place.
 E = Time spent auto-exploring this place.
 F = Levels seen in this place.
 G = Mean time per level.
                   A        B        C        D        E       F      G
               +--------+--------+--------+--------+--------+-----+--------+
         Total |  83656 |  74686 |   8970 |    451 |  54007 | 123 |  680.1 |
       Dungeon |  15235 |  12621 |   2614 |      0 |  10330 |  15 | 1015.7 |
        Temple |     34 |     14 |     20 |      0 |      8 |   1 |   34.0 |
          Lair |   7089 |   5686 |   1403 |      0 |   4872 |   5 | 1417.8 |
         Swamp |   3773 |   3606 |    167 |      0 |   3003 |   4 |  943.2 |
     Snake Pit |   6828 |   6640 |    188 |      0 |   5333 |   4 | 1707.0 |
    Slime Pits |   1127 |   1001 |    126 |      0 |    655 |   5 |  225.4 |
  Orcish Mines |   2278 |   1900 |    378 |      0 |   1522 |   2 | 1139.0 |
   Elven Halls |    972 |    937 |     35 |      0 |    747 |   1 |  972.0 |
        Vaults |   7265 |   6055 |   1210 |      0 |   4635 |   5 | 1453.0 |
         Crypt |   2316 |   1948 |    368 |      0 |   1227 |   3 |  772.0 |
          Tomb |   2778 |   2331 |    447 |      0 |   1488 |   3 |  926.0 |
        Depths |   4917 |   4214 |    703 |      0 |   3059 |   4 | 1229.2 |
          Hell |   1091 |    822 |    269 |    200 |    411 |   1 | 1091.0 |
           Dis |   2926 |   2583 |    343 |      0 |   1626 |   7 |  418.0 |
       Gehenna |   2959 |   2584 |    375 |    100 |   1473 |   7 |  422.7 |
       Cocytus |   1660 |   1497 |    163 |      0 |    909 |   7 |  237.1 |
      Tartarus |   2301 |   2145 |    156 |      0 |   1478 |   7 |  328.7 |
         Abyss |   1010 |   1010 |      0 |      0 |    218 |   5 |  202.0 |
   Pandemonium |  14637 |  14637 |      0 |    151 |   9460 |  31 |  472.2 |
        Bazaar |    522 |    522 |      0 |      0 |    219 |   1 |  522.0 |
         Trove |     31 |     31 |      0 |      0 |      6 |   1 |   31.0 |
       Ossuary |    143 |    143 |      0 |      0 |     90 |   1 |  143.0 |
       Volcano |    473 |    473 |      0 |      0 |    350 |   1 |  473.0 |
    Desolation |    667 |    667 |      0 |      0 |    409 |   1 |  667.0 |
      Gauntlet |    614 |    614 |      0 |      0 |    477 |   1 |  614.0 |
               +--------+--------+--------+--------+--------+-----+--------+

Top non-repeatable levels by time:
 Snake:3: 2259 daAuts
  Tomb:1: 1967 daAuts
  Lair:4: 1944 daAuts
    D:13: 1778 daAuts
Vaults:4: 1748 daAuts
   Dis:7: 1713 daAuts
 Snake:2: 1683 daAuts
 Snake:1: 1663 daAuts
Vaults:3: 1641 daAuts
  Lair:3: 1554 daAuts
  Lair:2: 1523 daAuts
    D:15: 1491 daAuts
Depths:2: 1421 daAuts
Depths:1: 1393 daAuts
Vaults:2: 1371 daAuts
